Cogmind - Beta 16.1 @@@ ROGUE MODE // 2026.03.12 @ 00:27:15 Player: Savant Result: Establishing 0b11! Performance ------------- Evolutions (9) 4500 Regions Visited (35) 7000 Robots Destroyed (529) 2645 Value Destroyed (37460) 37460 Prototype IDs (210) 4200 Alien Tech Used (5) 1000 Bonus (74429) 74429 TOTAL SCORE: 131234 Bonus ------- High Alert Combat Kills 4630 Follower Combat Kills 15441 Hunted by Unchained 1500 Destroyed Unchained 1000 Entered Garrisons 2200 Used RIF Installer 5500 Recovered Sigix Corpse 2000 Destroyed MAIN.C Guards 500 Met MAIN.C 5000 Destroyed MAIN.C Shell 5000 Destroyed MAIN.C 10000 Met Architect 300 Destroyed A8 300 Destroyed A6 400 Destroyed A5 500 Destroyed A4 700 Destroyed A3 800 Destroyed A2 1000 Destroyed Architect 15000 Win 3000 Friendly Fire -342 Cogmind --------- Core Integrity 1021/1600 Matter 280/300 Energy 728/735 System Corruption 0% Temperature Cool (7) Movement Walking (140) Location 0b11 Command Parts ------- > --- POWER (3) -------- Compact Particle Reactor Vortex Chain Reactor > --- PROPULSION (6) --- Heavy Shield Leg Experimental Armored Exoskeleton (fused) > --- UTILITY (12) ----- Concept Thermoelectric Network Concept Antigrav Storage Unit Experimental Optical Array Experimental Targeting Computer Experimental Targeting Computer Experimental Core Analyzer Quantum Capacitor Experimental Reaction Control System Experimental Phase Shifter Graphene Brace Advanced Force Field > --- WEAPON (4) ------- Concept Plasma Driver Cooled Directed Potential Cannon > --- INVENTORY (25) --- Vortex Chain Reactor High-density Centrium Leg High-density Centrium Leg Experimental Biometal Leg Desublimator Concept Phasing Heat Sink Concept Chromion Battery (800) Concept Chromion Battery (800) Concept NT7 Matterbank (750) Long-range Terrain Scanner Concept Recoil Nullifier Heavy Regenerative Plating Concept Matter Streamer Concept Impact Drone Bay (5/6) Concept Disintegration Ray (8) Compact HERF Cannon Cooled Directed Potential Cannon Compact Mass Driver Concept Miniperforator Concept Miniperforator Sigix Corpse Peak State ------------ > --- POWER ------------ Quantum Reactor Quantum Reactor Light Quantum Reactor > --- PROPULSION ------- Experimental VSS Leg Experimental VSS Leg Experimental Armored Exoskeleton > --- UTILITY ---------- Concept Phasing Heat Sink Concept Antigrav Storage Unit Experimental Optical Array Experimental Terrain Scan Processor Experimental Core Analyzer Concept Cloak Mesh Concept Cloak Mesh Heavy Regenerative Plating Relay Coupler [C] Concept Navigation Harness > --- WEAPON ----------- Cooled Nova Cannon Concept Plasma Driver Concept Heavy Railcannon > --- INVENTORY -------- Experimental VSS Leg Concept Thermoelectric Network Concept Chromion Battery Concept Chromion Battery Concept NT7 Matterbank Long-range Terrain Scanner Concept Recoil Nullifier Experimental Kinecellerator Mini Quantum Capacitor Graphene Brace Concept Hardlight Director Relay Coupler [C] Relay Coupler [Proto] Concept Matter Streamer Concept Impact Drone Bay Concept Impact Drone Bay Transdimensional Reconstructor Subatomic Replicator Concept Disintegration Ray Cooled Directed Potential Cannon Concept Miniperforator Concept Miniperforator Advanced Datajack [Rating: 290] Favorites ----------- Power Light Quantum Reactor Engine Cooled Ion Engine Power Core Light Fission Core Reactor Light Quantum Reactor Propulsion Light Treads Treads Light Treads Leg Experimental Armored Exoskeleton Wheel Armored Huge Wheel Flight Unit Cesium-ion Thruster Utility Huge Storage Unit Device Graphene Brace Storage Huge Storage Unit Processor Experimental Core Analyzer Hackware Relay Coupler [C] Protection Improved Utility Shielding Weapon Advanced Remote Datajack Energy Gun Beamcaster Energy Cannon Enhanced Nova Cannon Ballistic Gun Assault Rifle Ballistic Cannon Heavy Linear Accelerator Launcher Missile Launcher Special Weapon Advanced Remote Datajack Impact Weapon Heavy Mace Slashing Weapon Sigix Broadsword Special Melee Weapon Improved Datajack Build | -11 -10 -10 -9 -9 -9 -8 -8 -8 -8 -8 -7 -7 -7 -7 -7 -7 -6 -6 -5 -5 -4 -4 -4 -4 -3 -3 -3 -3 -3 -2 -2 -2 -1 -1 -1 ------- Run | Yrd Mat Min Mat Min Exi Min Mat Gar Mat Gar Fac Gar Fac Gar Fac Gar Fac Gar Fac Gar Fac Gar Fac Gar Res Gar Res Tes Gar Res Qua Frg Acc Com Ac0 Slots Evolved 18 | . . . 2 . . . 2 . . . 2 . . . . . 2 . 2 . 2 . . . 2 . . . . 2 . . 2 . . Power 2 | . . . . . . . . . . . . . . . . . . . . . 1 . . . . . . . . . . . 1 . . Propulsion 4 | . . . 1 . . . 1 . . . . . . . . . . . . . . . . . 2 . . . . . . . . . . Utility 10 | . . . 1 . . . 1 . . . 1 . . . . . 2 . 2 . 1 . . . . . . . . 1 . . 1 . . Weapon 2 | . . . . . . . . . . . 1 . . . . . . . . . . . . . . . . . . 1 . . . . . Parts Attached 519 | 9 10 1 23 1 . 2 11 22 19 8 4 23 7 11 12 8 7 15 4 19 11 14 4 14 16 35 25 17 11 11 20 51 11 43 20 Power 41 | 1 2 . 1 . . . 1 1 1 1 . 3 . 1 . . . . . 1 . 1 . 3 1 6 2 3 . 1 2 1 5 3 . Engine 5 | 1 2 . 1 . . . 1 . . . . . . . . . . . . . . . . . . . . . . . . . . . . Core 5 | . . . . . . . . 1 1 1 . 2 . . . . . . . . . . . . . . . . . . . . . . . Reactor 31 | . . . . . . . . . . . . 1 . 1 . . . . . 1 . 1 . 3 1 6 2 3 . 1 2 1 5 3 . Propulsion 78 | 2 2 . 9 . . . 3 11 4 1 1 4 1 1 . . . 2 . 4 2 4 . . 1 5 1 2 1 1 5 7 . 2 2 Treads 60 | 2 2 . 9 . . . 3 9 3 1 . 2 . . . . . 1 . 4 2 3 . . 1 5 1 2 1 1 5 3 . . . Leg 9 | . . . . . . . . . . . . . . . . . . . . . . 1 . . . . . . . . . 4 . 2 2 Wheel 8 | . . . . . . . . 2 1 . 1 1 1 1 . . . 1 . . . . . . . . . . . . . . . . . Hover . | . . . . . . . . . . . . . . . . . . . . . . . . . . . . . . . . . . . . Flight 1 | . . . . . . . . . . . . 1 . . . . . . . . . . . . . . . . . . . . . . . Utility 291 | 3 3 . 8 1 . . 3 4 11 5 3 12 6 9 8 6 7 10 3 12 9 6 4 8 10 15 18 11 6 7 7 27 4 31 14 Device 93 | 2 2 . 2 . . . . 1 2 1 1 1 1 1 2 1 . 1 . 3 2 1 . 1 2 4 9 2 . 5 2 14 3 18 9 Storage 14 | 1 1 . 1 . . . . 1 . . . . . . . . . 1 . . . . 1 . 1 . 2 . . . 2 2 . 1 . Processor 20 | . . . 3 . . . . . 1 . 1 . . . . . 1 . . . 1 1 . . 1 . . . . . . 2 1 6 2 Hackware 132 | . . . . . . . 2 . 6 3 . 6 4 7 6 4 5 8 2 8 5 4 3 7 6 11 7 8 6 2 3 7 . 2 . Protection 32 | . . . 2 1 . . 1 2 2 1 1 5 1 1 . 1 1 . 1 1 1 . . . . . . 1 . . . 2 . 4 3 Artifact . | . . . . . . . . . . . . . . . . . . . . . . . . . . . . . . . . . . . . Weapon 109 | 3 3 1 5 . . 2 4 6 3 1 . 4 . . 4 2 . 3 1 2 . 3 . 3 4 9 4 1 4 2 6 16 2 7 4 Energy Gun 21 | 2 . 1 1 . . . 3 2 . . . . . . . . . . . 1 . . . . . 3 . 1 . . . 3 . 2 2 Energy Cannon 29 | . 1 . . . . 1 . 2 1 . . . . . 1 . . 2 . 1 . 1 . 2 1 3 2 . 3 . . 4 . 3 1 Ballistic Gun 14 | 1 1 . 1 . . . 1 1 . . . 2 . . . . . . . . . . . . . . 1 . . . 2 4 . . . Ballistic Cannon 14 | . . . . . . . . . 1 . . 1 . . 1 . . . . . . . . . 1 2 . . . 1 2 3 . 1 1 Launcher 8 | . . . 2 . . 1 . 1 . . . . . . . 1 . . . . . . . . 1 . . . . 1 . . . 1 . Special Weapon 15 | . 1 . . . . . . . . 1 . . . . 1 1 . 1 1 . . 1 . 1 1 1 1 . 1 . 1 1 1 . . Impact Weapon 3 | . . . . . . . . . . . . . . . 1 . . . . . . 1 . . . . . . . . . 1 . . . Slashing Weapon 2 | . . . 1 . . . . . . . . . . . . . . . . . . . . . . . . . . . 1 . . . . Piercing Weapon . | . . . . . . . . . . . . . . . . . . . . . . . . . . . . . . . . . . . . Special Melee Weapon 3 | . . . . . . . . . 1 . . 1 . . . . . . . . . . . . . . . . . . . . 1 . . Unidentified Prototypes 46 | . 1 . . . . . . . . . . . . . . . . . . 1 . 2 . . 1 . 3 1 1 . 3 9 . 10 14 Corrupted Parts 1 | . . . . . . . . . . . . . . . . . . . . . . . . . . . . . . . . . . 1 . System Corruption 1 | . . . . . . . . . . . . . . . . . . . . . . . . . . . . . . . . . . 1 . Parts Lost 69 | . . . 1 . . . 3 11 2 4 . 2 . 2 1 . 1 1 . 2 . . . 2 3 6 7 3 1 1 1 8 2 2 3 Power 9 | . . . . . . . 1 . . 1 . . . . . . . . . 1 . . . 1 . 1 1 . . . . 2 . 1 . Propulsion 17 | . . . . . . . 1 6 . 1 . 2 . 1 . . . . . . . . . . . 2 1 . 1 . . 1 . . 1 Utility 32 | . . . 1 . . . 1 2 1 2 . . . 1 . . 1 . . . . . . 1 3 3 4 3 . 1 . 3 2 1 2 Weapon 11 | . . . . . . . . 3 1 . . . . . 1 . . 1 . 1 . . . . . . 1 . . . 1 2 . . . Highest Loss Streak 5 | . . . 1 . . . 1 5 1 2 . 1 . 1 1 . 1 1 . 1 . . . 1 1 2 3 1 1 1 1 2 2 2 1 To Critical Strikes . | . . . . . . . . . . . . . . . . . . . . . . . . . . . . . . . . . . . . Average Backups 21 | 5 11 15 18 19 20 20 19 21 21 19 21 21 21 22 21 23 23 23 23 22 22 22 23 22 22 23 23 23 22 21 23 22 22 21 19 Power . | . 1 1 1 1 1 1 . . . . . . 1 . . . . 1 1 . . . . . . . . . . . . . . . 1 Propulsion 1 | 3 4 5 4 2 2 2 1 2 3 3 3 1 1 1 1 1 1 1 1 1 2 2 2 2 1 1 . 1 1 1 . . 1 2 2 Utility 12 | . 3 6 5 6 7 7 5 8 11 8 9 12 13 14 15 16 15 15 14 14 15 15 17 17 16 15 17 15 13 14 15 13 14 11 9 Weapon 5 | . 2 3 6 10 10 10 11 9 5 5 4 4 2 2 2 3 4 4 5 4 3 3 2 2 2 5 4 6 6 4 4 5 4 5 6 Tool/Special . | . . . . . . . . . . . . . . . . . . . . . . . . . . . . . . . . . . . . Unused Backups 83 | . 5 . 6 . . . 1 2 1 1 . 5 1 7 . 5 3 8 3 2 . 2 . 2 . 6 . 8 2 1 1 7 . 1 3 Power 3 | . 1 . . . . . . . . . . . . . . . 1 . 1 . . . . . . . . . . . . . . . . Propulsion 11 | . 3 . 1 . . . . . . . . . . . . . 1 . 1 1 . . . . . . . . 2 . . . . . 2 Utility 48 | . . . 2 . . . . . 1 1 . 3 1 7 . 3 . 8 . 1 . 1 . 2 . 5 . 6 . . 1 4 . 1 1 Weapon 17 | . 1 . 3 . . . 1 2 . . . 2 . . . 1 1 . 1 . . 1 . . . . . 2 . 1 . 1 . . . Tool/Special 4 | . . . . . . . . . . . . . . . . 1 . . . . . . . . . 1 . . . . . 2 . . . Average Slot Usage (%) 84 | . 99 100 99 100 100 100 99 94 89 89 91 89 83 78 74 75 79 79 81 81 88 88 89 88 84 85 84 84 88 82 82 81 76 69 67 Engine 2 | . 13 14 11 11 11 11 9 6 . . . . . . . . . . . . 4 2 . . . . . . . . . . . . . Reactor 5 | . . . . . . . . . . . . 2 7 7 7 7 6 6 5 5 5 7 10 9 9 8 8 9 9 8 8 7 9 8 8 Treads 13 | . 28 28 33 33 33 33 36 27 18 18 15 13 15 7 . . . 1 5 10 10 9 10 10 13 15 14 14 17 13 12 11 . . . Leg 1 | . . . . . . . . . . . . . . . . . . . . . . . . . . . . . . . . . 12 10 7 Wheel 2 | . . . . . . . . 4 9 9 7 7 7 10 15 15 13 10 5 . . . . . . . . . . . . . . . . Device 10 | . 14 14 15 11 11 11 17 8 12 8 11 1 . 1 . . 3 1 . 1 1 8 . 8 7 17 10 6 7 6 13 13 20 24 22 Storage 6 | . 14 14 11 11 11 11 9 9 9 9 7 7 7 7 7 7 6 6 5 5 5 5 5 5 4 4 4 4 4 4 4 4 4 4 4 Processor 4 | . . . 3 . . . . . . . 3 . . . . . 5 1 . . . . 5 5 4 9 9 6 4 4 4 6 11 8 16 Hackware 15 | . . . . . . . . 9 4 4 7 16 25 17 26 18 21 27 35 37 35 26 30 31 27 14 21 26 24 27 20 14 3 . . Protection 5 | . . . 2 10 11 11 9 9 9 13 7 10 3 10 2 10 7 8 10 6 8 9 9 . 1 . . 1 4 4 4 5 4 4 . Energy Gun 2 | . 8 5 12 22 22 13 8 12 1 . . . . . . . . . . . 2 2 5 3 . . . 2 . . . 1 . 1 1 Energy Cannon 4 | . 5 8 . . . 8 5 . 6 7 3 3 . . . . . 1 . 3 10 9 7 7 9 3 5 3 7 4 3 5 6 5 6 Ballistic Gun 1 | . 14 14 8 . . . 2 1 . . 7 5 . . . . . . . . . . . . . . . 1 . . . 1 . . . Ballistic Cannon 2 | . . . . . . . . . 6 8 7 3 7 7 6 6 6 6 5 3 . . . . 1 4 2 . . 3 3 1 4 . . Special Weapon 2 | . . . . . . . . . . . . 3 4 4 6 4 5 1 4 2 2 2 2 3 2 3 3 5 5 3 2 1 . . . Peak Build Rating 290 | 9 12 17 24 24 26 26 29 42 43 43 54 64 64 72 69 71 82 86 91 105 108 139 137 150 171 175 170 176 173 195 208 283 290 287 276 Average Rating 133 | 6 9 12 20 23 24 22 25 34 38 41 50 54 61 66 65 68 76 79 90 97 102 115 133 141 162 164 163 168 165 185 195 233 275 269 268 On Entrance 98 | . 7 11 15 22 24 26 22 29 39 43 42 54 62 64 70 54 71 75 83 91 103 106 137 134 149 155 168 163 172 163 189 200 259 283 268 Avg Prop Armor Cover (%) 12 | . . . . . . . . 13 13 12 13 12 13 11 . . . 14 12 14 . . . . 10 . . 8 . . . 6 . . . Naked Turns . | . . . . . . . . . . . . . . . . . . . . . . . . . . . . . . . . . . . . Heaviest Build 199 | 14 34 36 60 60 60 61 62 104 110 117 112 132 132 139 132 134 135 140 131 140 131 152 147 148 176 179 170 150 158 183 185 199 175 163 165 Greatest Support 300 | 40 40 40 60 60 60 60 80 80 28 28 28 28 28 56 56 56 56 56 28 150 150 150 150 150 230 230 225 225 210 210 225 300 152 160 160 Greatest Overweight (x) 4 | . . . . . . 1 . 3 3 4 3 4 4 4 2 2 2 4 4 4 . 1 . . 1 1 . . . . 1 1 1 1 1 Average Overweight (x) . | . . . . . . . . 1 3 3 3 3 4 2 1 1 2 2 4 . . . . . . . . . . . . . . . . Largest Inventory Capacity 25 | 8 15 15 20 20 20 20 20 25 25 25 25 25 25 25 25 25 25 25 25 25 25 25 25 25 25 25 25 25 25 25 25 25 25 25 25 Average Capacity 23 | 7 12 15 19 20 20 20 20 22 25 25 25 25 25 25 25 25 25 25 25 25 25 25 25 25 25 25 25 25 25 25 25 25 25 25 25 Most Carried 25 | 7 15 15 20 20 20 20 20 25 25 25 25 25 25 25 25 25 25 25 25 25 25 25 25 25 25 25 25 25 25 25 25 25 25 25 25 Average Carried 23 | 5 11 14 18 19 20 20 19 21 24 22 23 24 24 24 22 24 24 24 24 24 24 24 25 24 23 24 24 24 24 24 24 24 24 24 24 Final Capacity 25 | 8 15 15 20 20 20 20 20 25 25 25 25 25 25 25 25 25 25 25 25 25 25 25 25 25 25 25 25 25 25 25 25 25 25 25 25 Final Carried 25 | 7 15 15 20 20 20 20 20 23 24 24 25 25 25 25 24 25 21 25 25 25 25 25 25 25 22 25 25 25 25 25 25 25 25 25 25 Class Distribution -------------------- 29% | Botlord-Tank 16% | Mutant 10% | Botlord-Mutant 8% | Botlord-Gunner 6% | Scavenger-Mutant 5% | Scavenger-Gunner 5% | Gunner 4% | Bothacker-Tank 3% | Bothacker-Mutant Dominant Class ---------------- Mutant | -10/Materials Mutant | -10/Mines Scavenger-Mutant | -9/Materials Mutant | -9/Mines Mutant | -9/Exiles Mutant | -8/Mines Mutant | -8/Materials Scavenger-Mutant | -8/Garrison Mutant | -8/Materials Mutant | -8/Garrison Scavenger-Mutant | -7/Factory Bothacker-Tank | -7/Garrison Bothacker-Gunner | -7/Factory Bothacker-Tank | -7/Garrison Bothacker-Gunner | -7/Factory Botlord-Tank | -7/Garrison Botlord-Tank | -6/Factory Botlord-Tank | -6/Garrison Botlord-Tank | -5/Factory Botlord-Tank | -5/Garrison Botlord-Tank | -4/Factory Botlord-Tank | -4/Garrison Botlord-Tank | -4/Factory Botlord-Tank | -4/Garrison Botlord-Tank | -3/Research Botlord-Gunner | -3/Garrison Botlord-Gunner | -3/Research Botlord-Gunner | -3/Testing Botlord-Tank | -3/Garrison Botlord-Tank | -2/Research Botlord-Mutant | -2/Quarantine Botlord-Mutant | -2/Protoforge Gunner | -1/Access Gunner | -1/Command Scavenger-Gunner | -1/Access_0 Resources | -11 -10 -10 -9 -9 -9 -8 -8 -8 -8 -8 -7 -7 -7 -7 -7 -7 -6 -6 -5 -5 -4 -4 -4 -4 -3 -3 -3 -3 -3 -2 -2 -2 -1 -1 -1 ----------- Run | Yrd Mat Min Mat Min Exi Min Mat Gar Mat Gar Fac Gar Fac Gar Fac Gar Fac Gar Fac Gar Fac Gar Fac Gar Res Gar Res Tes Gar Res Qua Frg Acc Com Ac0 Matter Collected 28368 | 285 414 346 983 10 . 203 391 487 806 617 67 938 330 631 300 816 377 551 273 1015 337 538 . 573 1304 1253 1476 1315 648 1113 1115 4581 1522 1843 910 Remotely 3216 | . . . . . . . . . . . . . . . . . . . . . . . . . . . 28 112 . 468 . 672 1018 918 . Salvage Created 26591 | 71 431 219 1371 . . 202 819 1915 1032 544 67 512 59 158 18 124 144 443 98 1169 294 435 . 233 1177 1145 1527 1538 563 1224 904 2976 2143 864 2172 Parts 1232 | 10 37 14 91 . . 19 45 82 60 30 3 27 5 9 1 11 . 5 3 52 7 13 . 13 47 55 74 62 27 45 72 129 86 39 59 Haulers Intercepted 9 | . 2 . 4 . . . 2 . . . . . . . . . . . . . . . . . . . 1 . . . . . . . . Recyclers Shooed 12 | . . . 3 . . . . . . . . . . . . . . . . . 1 . . . 2 . 1 1 . 2 1 . 1 . . Parts Field Recycled . | . . . . . . . . . . . . . . . . . . . . . . . . . . . . . . . . . . . . Retrieved Matter . | . . . . . . . . . . . . . . . . . . . . . . . . . . . . . . . . . . . . Parts Self-Destructed . | . . . . . . . . . . . . . . . . . . . . . . . . . . . . . . . . . . . . Prevented . | . . . . . . . . . . . . . . . . . . . . . . . . . . . . . . . . . . . . Parts Restored 9 | . . . . . . . . . . . . . . . . . . . . . . . . . . . . . . . . 9 . . . Faulty 9 | . . . . . . . . . . . . . . . . . . . . . . . . . . . . . . . . 9 . . . Kills | -11 -10 -10 -9 -9 -9 -8 -8 -8 -8 -8 -7 -7 -7 -7 -7 -7 -6 -6 -5 -5 -4 -4 -4 -4 -3 -3 -3 -3 -3 -2 -2 -2 -1 -1 -1 ------- Run | Yrd Mat Min Mat Min Exi Min Mat Gar Mat Gar Fac Gar Fac Gar Fac Gar Fac Gar Fac Gar Fac Gar Fac Gar Res Gar Res Tes Gar Res Qua Frg Acc Com Ac0 Combat Hostiles Destroyed 450 | . 10 6 33 . . 15 13 33 27 16 1 16 2 3 1 4 1 3 3 14 4 7 . 4 17 19 20 16 6 18 14 52 29 11 32 Melee 14 | . . . . . . . . . 2 . . 2 . . . . . . . 1 . 1 . . . . . . . . 1 7 . . . Guns 96 | . 8 3 26 . . 2 5 24 3 . . 2 . . . . . . . . 1 1 . . . . 2 5 . . 2 12 . . . Cannons 227 | . 2 3 . . . . 3 4 10 10 1 3 2 3 1 4 1 3 3 11 2 4 . 4 14 15 16 9 3 12 10 26 27 9 12 AOE 72 | . . . 7 . . 13 4 3 11 6 . 9 . . . . . . . . . . . . 2 3 . . . 6 . . . . 8 Classes Destroyed 26 | 1 5 1 4 . . 1 . 3 . . . 1 . 1 . . . . . . . 1 . . . 1 2 . . . . 5 . . . Worker 16 | . . 2 1 . . 1 . . . . . . . . . . . . . . . . . . . . 3 1 . 3 . 1 3 1 . Builder 17 | . . . 1 . . 1 3 . 1 . . . . . . . . . . . . . . . . . 1 . . 6 . 3 1 . . Tunneler 6 | 5 . 1 . . . . . . . . . . . . . . . . . . . . . . . . . . . . . . . . . Hauler 9 | . 2 . 4 . . . 2 . . . . . . . . . . . . . . . . . . . 1 . . . . . . . . Recycler 14 | . . . 1 . . . 1 . 1 . . . . . . . 1 . . . . . . . 2 . 1 2 . 2 . . 2 1 . Operator 2 | . 1 . 1 . . . . . . . . . . . . . . . . . . . . . . . . . . . . . . . . Drone 12 | . . . . . . . . . . . . . . . . . . . . . . . . . . . . . . . . 12 . . . Watcher 11 | . 3 . 3 . . . 1 . 3 . . . . . . 1 . . . . . . . . . . . . . . . . . . . Swarmer 80 | . 6 4 14 . . 11 2 9 10 . . 4 . . . 1 . . 1 5 . 2 . . 3 . 2 1 1 4 . . . . . Cutter 1 | . . . . . . . . . . . . . . . . . . . . . . . . . . . 1 . . . . . . . . Saboteur 2 | . . . . . . . . . . . . 2 . . . . . . . . . . . . . . . . . . . . . . . Grunt 121 | . 4 2 8 . . 3 6 8 12 10 . 8 . 1 . . 1 1 1 3 . 2 . 1 8 7 . 3 . 2 . 8 22 . . Brawler 5 | . . . . . . . . . . . . . . . . . . . . . . . . . . 1 . . 1 . . 3 . . . Duelist 10 | . . . 2 . . . . . . . . 1 1 1 . 1 . . 1 2 1 . . . . . . . . . . . . . . Protector 1 | . . . . . . . . . . . . . . . . . . . . . . . . . . . . . . . . 1 . . . Researcher 1 | . . . . . . . . . . . . . . . . . . . . . . . . . . . . . . . . 1 . . . Sentry 40 | . . . 9 . . . 3 8 3 3 1 1 . . 1 . . . . . . . . . . . . 3 2 2 . 3 . 1 . Demolisher 1 | . . . . . . . . 1 . . . . . . . . . . . . . . . . . . . . . . . . . . . Specialist 8 | . . . . . . . . . . . . . . . . 1 . . . . . 1 . . . 4 2 . . . . . . . . Hunter 38 | . . . . . . 1 2 3 2 1 . . . . . . . 1 . . . . . . . 3 4 2 1 6 2 4 4 2 . Programmer 78 | . . . . . . . . 3 . 2 . . 1 1 . 1 . 1 . 4 2 . . 3 5 4 7 7 1 6 12 9 3 6 . Heavy 2 | . . . . . . . . . . . . . . . . . . . . . . . . . . . 2 . . . . . . . . Behemoth 7 | . . . . . . . . 1 . . . . . . . . . . . 2 1 . . . 1 . 2 . . . . . . . . Enhanced Grunt 18 | . . . . . . . . . . . . . . . . . . . . . . . . . . . . . . . . . . . 18 Enhanced Sentry 4 | . . . . . . . . . . . . . . . . . . . . . . . . . . . . . . . . . . . 4 Enhanced Hunter 4 | . . . . . . . . . . . . . . . . . . . . . . . . . . . . . . . . . . . 4 Hotshot 3 | . . . . . . . . . . . . . . . . . . . . . . . . . . . . . . . . 3 . . . Decapitator 1 | . . . . . . . . . . . . . . . . . . . . . . . . . . . . . . . . 1 . . . Immortal 2 | . . . . . . . . . . . . . . . . . . . . . . . . . . . . . . . . 2 . . . Combat Programmer 2 | . . . . . . . . . . . . . . . . . . . . . . . . . . . . . . . . . . 2 . Executioner 2 | . . . . . . . . . . . . . . . . . . . . . . 2 . . . . . . . . . . . . . Alpha 7 2 | . . . . . . . . . . . . . . . . . . . . . . . . . . . . . . . . 2 . . . V-Series 6 | . . . . . . . . . . . . . . . . . . . . . . . . . . . . . . . . 6 . . . Infiltrator 1 | . . . . . . . . . . . . . . 1 . . . . . . . . . . . . . . . . . . . . . Best Kill Streak 18 | 2 4 3 11 . . 5 11 7 11 6 1 7 2 1 1 2 1 2 1 2 2 2 . 2 5 3 4 3 1 18 3 11 14 4 4 Combat Bots Only 11 | . 3 2 8 . . 4 7 7 8 6 1 7 2 1 1 2 1 2 1 2 2 2 . 2 5 3 3 3 1 9 3 10 11 4 4 Max Kills in Single Turn 5 | 1 1 2 3 . . 4 4 2 3 2 1 3 1 1 1 2 1 1 1 1 1 1 . 1 2 2 2 1 1 5 1 2 3 2 3 Gunslinging 1 | . . . 1 . . . . . . . . . . . . . . . . . . . . . . . . . . . . . . . . Exploded 5 | . . . 3 . . 3 3 2 3 2 . 3 . . . . . . . . . . . . 2 2 . . . 5 . . . . 2 Melee 1 | . . . . . . . . . 1 . . 1 . . . . . . . 1 . 1 . . . . . . . . 1 1 . . . Uniques/NPCs Destroyed 10 | . . . . . . . . . . . . . . . . . . . . . . . . . . . . . . . 1 . . 2 7 DW-4LL (-2/Quarantine) MAIN.C Shell (-1/Command) MAIN.C (-1/Command) A8 (-1/Access_0) A6 (-1/Access_0) A2 (-1/Access_0) A5 (-1/Access_0) Architect (-1/Access_0) A4 (-1/Access_0) A3 (-1/Access_0) Combat | -11 -10 -10 -9 -9 -9 -8 -8 -8 -8 -8 -7 -7 -7 -7 -7 -7 -6 -6 -5 -5 -4 -4 -4 -4 -3 -3 -3 -3 -3 -2 -2 -2 -1 -1 -1 -------- Run | Yrd Mat Min Mat Min Exi Min Mat Gar Mat Gar Fac Gar Fac Gar Fac Gar Fac Gar Fac Gar Fac Gar Fac Gar Res Gar Res Tes Gar Res Qua Frg Acc Com Ac0 Hostile Shots Fired 3017 | . 40 32 154 . . 28 65 236 67 82 18 107 64 34 35 63 16 12 18 80 30 45 4 44 218 258 186 111 50 171 67 324 108 15 235 Missed 875 | . 11 10 34 . . 12 20 68 19 20 4 29 24 13 12 25 6 2 7 20 10 17 1 12 48 71 70 38 15 28 20 58 37 3 111 Hits 2142 | . 29 22 120 . . 16 45 168 48 62 14 78 40 21 23 38 10 10 11 60 20 28 3 32 170 187 116 73 35 143 47 266 71 12 124 Melee 48 | . . . 3 . . . . . . . . 2 . 1 . . . . . . . . . 1 . 6 3 1 . . . 27 4 . . Projectile 2094 | . 29 22 117 . . 16 45 168 48 62 14 76 40 20 23 38 10 10 11 60 20 28 3 31 170 181 113 72 35 143 47 239 67 12 124 AOE 5 | . . . . . . . . 2 . . . . . . . 1 . . . . . . . . . . 1 . . . . . . 1 . Critical Strikes 135 | . . 1 3 . . . 2 8 3 2 . 1 . . . 1 . . . 2 2 1 . 2 26 5 6 8 3 18 2 31 4 1 3 Actively Blocked 85 | . . . . . . . . . . . . . . . . . . . . . . . . . 21 4 6 3 1 10 1 31 4 1 3 Part Disruptions 10 | . . . . . . . . 1 . . . . . . . . . . . . . . . . . . 3 2 1 . . 1 1 . 1 Damage Taken 40470 | . 337 244 1458 . . 228 671 2582 686 961 100 1106 459 444 286 535 142 210 184 1189 450 472 97 779 2743 2045 2444 1485 929 3132 1110 7177 1365 337 4083 Core 3477 | . 73 95 143 . . . 79 233 109 105 11 145 43 74 53 43 36 10 2 57 79 30 72 98 247 198 155 140 80 294 20 374 18 . 361 Absorbed by Shields 5096 | . . . . . . . . . . . . 36 . 31 . . . 24 . 20 13 175 . . 1104 1187 383 76 . . . 1047 714 113 173 Reduced by Siege Mode 904 | . . . . . . . . . . . . . . . . . . . . . . 7 . . 218 80 6 . . 278 . 315 . . . Redirected to Shielding 184 | . . . . . . . . . . . . 11 . . . 18 . 21 . 13 . 18 . . . . . . . . . . . . 103 Ignored by Resistances 22 | . . . . . . . . . . . . . . . . . . . . . . . . . . . 22 . . . . . . . . Regen/Repaired (Parts) 5792 | . . . . . . . 117 . 7 . . . . . 18 127 105 . 97 104 314 19 . . . . . 477 530 627 286 1777 683 200 304 Core Remaining (%) 59 | 100 . 32 . . . 64 . . . 4 . . . . . 47 . 94 . 94 . . . 75 . . . . 36 . . 45 . . 63 Volleys Fired 2068 | 7 54 14 108 . . 13 43 74 37 46 3 47 31 50 37 52 36 57 30 107 35 30 10 59 116 88 102 162 69 105 49 200 40 34 123 Largest 4 | 2 2 2 2 . . 2 2 2 2 2 3 3 1 1 1 1 1 2 1 3 3 3 1 3 3 3 3 2 2 3 3 4 3 4 3 Hottest 380 | 70 100 95 131 . . 131 131 136 113 112 140 171 70 70 70 70 70 105 70 105 94 179 35 240 298 243 278 158 230 230 178 380 300 290 240 Shots Fired 3081 | 14 103 29 199 . . 17 81 134 67 77 9 63 31 51 37 52 36 60 30 141 53 60 10 79 187 123 166 170 90 142 88 399 91 67 125 Gun 776 | 14 82 20 186 . . 6 52 108 13 . 3 9 . . . . . . . 7 9 17 . 15 . 9 28 29 . . 11 140 . 4 14 Cannon 1677 | . 16 9 . . . 1 27 25 48 66 6 30 11 13 8 17 1 43 3 108 25 33 3 46 137 80 108 81 72 110 64 226 91 58 111 Launcher 54 | . . . 5 . . 10 2 1 6 11 . 6 . . . . . . . . . . . . 1 6 1 . . 4 1 . . . . Special 574 | . 5 . 8 . . . . . . . . 18 20 38 29 35 35 17 27 26 19 10 7 18 49 28 29 60 18 28 12 33 . 5 . Kinetic 744 | 7 49 14 83 . . . 21 10 21 31 6 15 11 13 8 17 1 8 3 22 . . . . 47 31 62 11 . 30 36 100 38 39 10 Thermal 1407 | 7 54 15 111 . . 7 30 25 31 35 3 24 . . . . . 35 . 93 34 50 3 61 90 50 54 62 52 75 27 212 53 19 95 Explosive 54 | . . . 5 . . 10 2 1 6 11 . 6 . . . . . . . . . . . . 1 6 1 . . 4 1 . . . . Electromagnetic 267 | . . . . . . . 28 98 9 . . . . . . . . . . . . . . . . 8 20 37 20 5 12 23 . 1 6 Impact 22 | . . . . . . . . . . . . . . . . . . . . . . . . . . . . . . . . 22 . . . Entropic 26 | . . . . . . . . . . . . . . . . . . . . . . . . . . . . . . . . 9 . 3 14 Robot Hit Streak 38 | 10 9 8 12 . . 9 18 30 10 7 4 8 5 12 6 9 7 33 38 25 28 22 5 11 21 18 20 16 18 20 19 24 10 10 14 Robot Miss Streak 7 | . 3 2 5 . . 2 5 3 3 5 2 2 2 2 2 3 3 3 1 3 2 2 2 2 4 2 3 3 3 4 3 7 6 4 3 Penetration Max 3 | . . . . . . . . . . . . . . . . 1 . . . . . . . . . . 1 . . . . 1 3 1 1 Secondary Targets 7 | . 1 . 2 . . . . 1 . . . . . . . . . . . . . . . . . . . . . . . 3 . . . Max Gunslinging Chain 1 | . 1 . 1 . . . . 1 . . . . . . . . . . . . . . . . . . . . . . . 1 . . . Capacitor 115 | . . . . . . . . . . . . . . . . . . . . . . . . . . . . . . . . . . 2 113 Shots Hit Robots 2013 | 10 62 17 121 . . 9 59 140 65 39 5 34 21 34 26 35 27 51 28 103 37 46 5 34 126 73 103 102 44 80 48 258 56 45 70 Core Hits 879 | 6 25 11 60 . . 17 39 74 44 25 3 25 1 2 1 3 1 11 2 31 7 11 . 6 35 27 31 31 11 39 19 115 64 44 58 Critical Kills 66 | . . . . . . . . 1 2 . . . . . . . . . . 3 . . . . 1 . . 1 1 . . 19 13 8 17 Critical Parts Destroyed 40 | . . . . . . . . 1 . . . . . . . . . . . . . 1 . . . . . 3 . . . 6 13 12 4 Critical Strikes 154 | . 4 . 2 . . . . 3 2 2 . 2 . 2 . 2 . . . 5 1 1 . 1 3 3 1 4 1 5 . 27 34 27 22 Burn 8 | . 4 . 2 . . . . . . . . . . . . . . . . . 1 . . 1 . . . . . . . . . . . Meltdown 28 | . . . . . . . . . 1 . . . . . . . . . . 3 . . . . 1 . . . 1 . . 7 2 2 11 Destroy 85 | . . . . . . . . 2 1 . . . . . . . . . . . . . . . . . . 4 . . . 19 24 24 11 Blast 29 | . . . . . . . . . . 2 . 2 . 2 . 2 . . . 2 . . . . 2 3 1 . . 4 . . 8 1 . Corrupt 1 | . . . . . . . . . . . . . . . . . . . . . . . . . . . . . . 1 . . . . . Smash 1 | . . . . . . . . . . . . . . . . . . . . . . 1 . . . . . . . . . . . . . Sever 2 | . . . . . . . . 1 . . . . . . . . . . . . . . . . . . . . . . . 1 . . . Melee Attacks 365 | . . . 2 . . . 1 93 30 5 4 32 12 53 . 21 15 18 1 5 . 10 . . . . . . . . 12 45 5 1 . Impact 70 | . . . . . . . . . . . . . . . . 21 15 18 1 5 . 10 . . . . . . . . . . . . . Slashing 269 | . . . 2 . . . 1 93 13 3 4 31 12 53 . . . . . . . . . . . . . . . . 12 45 . . . Piercing . | . . . . . . . . . . . . . . . . . . . . . . . . . . . . . . . . . . . . Sneak Attacks 26 | . . . . . . . . . 15 . . 1 . . . . 2 . . . . . . . . . . . . . 1 7 . . . Combat Hostiles . | . . . . . . . . . . . . . . . . . . . . . . . . . . . . . . . . . . . . Follow-up Attacks . | . . . . . . . . . . . . . . . . . . . . . . . . . . . . . . . . . . . . Damage Inflicted 78344 | 112 739 325 2986 . . 1284 1619 4058 2260 1871 114 1708 543 972 567 836 164 1471 230 3275 681 1199 1 775 4152 2956 3895 2565 1317 5381 2096 11893 4169 2264 9866 Guns 13364 | 112 579 154 2201 . . 77 712 1790 209 . 17 90 . . . . . . . 167 174 289 . 136 . 154 491 791 . . 194 4413 . 108 506 Cannons 47342 | . 160 160 . . . . 400 531 726 953 97 471 543 970 567 808 74 1471 225 2988 483 838 . 639 3886 2037 2958 1737 1317 3402 1751 5999 4161 2044 4946 Explosions 13541 | . . . 771 . . 1207 507 481 993 918 . 810 . . . . . . . . . . . . 249 765 381 . . 1933 . . . 112 4414 Melee 3804 | . . . . . . . . 1256 332 . . 337 . . . 28 90 . . 120 . 72 . . . . . . . . 151 1418 . . . Ramming 293 | . . 11 14 . . . . . . . . . . 2 . . . . 5 . 24 . 1 . 17 . 65 37 . 46 . 63 8 . . Kinetic 18903 | 26 269 88 787 . . . 236 94 324 515 52 334 543 970 567 808 74 445 225 815 . . . . 1275 828 1622 219 . 1786 1116 2256 1596 934 99 Thermal 39195 | 86 470 226 1414 . . 77 519 857 658 438 62 227 . . . . . 1026 . 2340 657 1127 . 775 2611 1108 1361 1191 857 1511 617 6111 2565 1222 9082 Explosive 8394 | . . . 771 . . 1207 439 155 792 918 . 810 . . . . . . . . . . . . 249 765 381 . . 1907 . . . . . Electromagnetic 5496 | . . . . . . . 425 1696 154 . . . . . . . . . . . . . . . . 255 466 1118 460 131 212 400 . . 179 Impact 1609 | . . . . . . . . . . . . . . . . 28 90 . . 120 . 72 . . . . . . . . . 1299 . . . Slashing 3494 | . . . . . . . . 1256 332 . . 337 . . . . . . . . . . . . . . . . . . 151 1418 . . . Piercing . | . . . . . . . . . . . . . . . . . . . . . . . . . . . . . . . . . . . . Entropic 960 | . . . . . . . . . . . . . . . . . . . . . . . . . . . . . . . . 346 . 108 506 Highest Corruption 27 | . 3 3 . . . . . 4 5 6 . . . 1 4 4 . . . 2 1 1 2 8 1 6 16 25 26 1 6 27 15 16 . Average Corruption 7 | . 2 3 . . . . . 3 4 5 . . . 1 2 3 . . . 1 1 1 1 7 1 3 7 20 25 1 4 13 5 14 . Corruption Purged 26 | . . . . . . . . . . . . . . . . 5 . . . . . . . . . . . . . . . 3 . 18 . Corruption Blocked . | . . . . . . . . . . . . . . . . . . . . . . . . . . . . . . . . . . . . Effects 815 | . 21 15 . . . . . 27 32 24 . . . 9 12 6 . . . 18 4 14 2 50 3 30 71 96 69 . 68 180 21 43 . Message Errors 199 | . 5 3 . . . . . 5 7 8 . . . 2 4 . . . . 7 . 5 . 12 . 9 17 30 15 . 16 42 5 7 . Matter Fused 194 | . 5 5 . . . . . 7 8 8 . . . 2 3 2 . . . 4 3 5 1 10 . 2 20 15 15 . 21 37 5 16 . Heat Flow Errors 83 | . 4 . . . . . . 5 6 1 . . . 2 1 . . . . 2 . 2 . 8 . 1 6 9 3 . 7 19 3 4 . Energy Discharges 103 | . 3 1 . . . . . 5 5 2 . . . . . . . . . 1 1 . 1 6 . 7 11 12 11 . 7 21 6 3 . Parts Rejected 15 | . . . . . . . . . . . . . . . . . . . . . . . . . 1 . 2 2 3 . . 6 1 . . Parts Fused 10 | . . . . . . . . . . 1 . . . . . . . . . . . 2 . 2 . 1 . . . . . 3 . 1 . Data Loss (minor) 77 | . 1 2 . . . . . 1 3 . . . . . 3 4 . . . 2 . . . 4 1 3 6 5 6 . 7 22 . 7 . Data Loss (major) 48 | . 2 2 . . . . . 3 3 2 . . . 1 1 . . . . 2 . . . 1 1 2 2 6 3 . 2 14 . 1 . Misfires 35 | . . 1 . . . . . . . 1 . . . 1 . . . . . . . . . 3 . 5 5 5 4 . 4 5 . 1 . Alerts 13 | . 1 1 . . . . . 1 . . . . . 1 . . . . . . . . . 1 . . . 2 2 . 3 1 . . . Misdirections 6 | . . . . . . . . . . . . . . . . . . . . . . . . . . . . 2 2 . . 1 . 1 . Weapon Failures 32 | . . . . . . . . . . 1 . . . . . . . . . . . . . 3 . . 2 8 5 . 1 9 1 2 . Overload Shots 5 | . . . . . . . . . . . . . . . . . . . . . . . . . . . . . . . . 5 . . . Effects 1 | . . . . . . . . . . . . . . . . . . . . . . . . . . . . . . . . 1 . . . Heat Surge 1 | . . . . . . . . . . . . . . . . . . . . . . . . . . . . . . . . 1 . . . Overflow Damage 4841 | . . . 37 . . 126 . 17 77 10 . 74 53 233 200 203 40 156 50 140 . 85 . 34 122 95 293 29 . 657 53 829 690 159 379 Projectiles 3473 | . . . . . . . . . 25 . . . 53 233 200 203 . 156 50 113 . 13 . 34 122 46 200 29 . 510 53 358 690 159 226 Explosions 626 | . . . 37 . . 126 . 17 29 10 . . . . . . . . . . . . . . . 49 79 . . 126 . . . . 153 Melee 742 | . . . . . . . . . 23 . . 74 . . . . 40 . . 27 . 72 . . . . 14 . . 21 . 471 . . . Knockbacks 101 | . . . . . . . . . 1 4 . 1 2 6 1 2 2 1 . . 1 . . . 10 4 12 1 . 7 5 21 13 7 . Impact 17 | . . . . . . . . . . . . . . . . . 2 . . . 1 . . . 1 . 1 1 . . . 10 1 . . Kinetic 80 | . . . . . . . . . 1 4 . 1 2 6 1 2 . 1 . . . . . . 8 4 9 . . 6 5 11 12 7 . Secondary 4 | . . . . . . . . . . . . . . . . . . . . . . . . . 1 . 2 . . 1 . . . . . Self-Inflicted Damage 379 | . . . 44 . . 68 . 65 68 . . 81 . . . . . . 2 . . . . . . . 51 . . . . . . . . Shots 10 | . . . 1 . . 2 . 2 2 . . 2 . . . . . . . . . . . . . . 1 . . . . . . . . Rammed 16 | . . 2 1 . . . . . . . . . . 1 . . . . 1 . 1 . 1 . 1 . 4 3 . 1 . . . . . Targets Rammed 20 | . . 2 1 . . . . . . . . . . 1 . . . . 1 . 1 . 1 . 1 . 4 3 . 1 . 3 1 . . Kicked 4 | . . . . . . . . . . . . . . . . . . . . . . . . . . . . . . . . 3 1 . . Crushed . | . . . . . . . . . . . . . . . . . . . . . . . . . . . . . . . . . . . . Highest Temperature 460 | 60 262 55 153 . . 42 60 310 223 176 72 321 40 236 165 68 18 55 12 140 . 89 . 256 460 402 193 325 238 225 237 330 450 187 203 Average Temperature 76 | 22 72 22 33 . . 21 9 96 37 48 43 116 15 48 44 23 13 22 9 24 . 18 . 74 140 104 47 103 68 67 62 91 127 76 69 Received Heat Transfer 5706 | . 162 108 351 . . 36 261 783 324 432 24 468 93 87 66 60 48 66 39 90 6 35 9 114 657 483 29 157 81 81 18 396 107 10 25 Thermoelectric Energy+ 968 | . . . . . . . . . . . . . . . . . . . . . . . . . . . . . . . . . 556 89 323 Effects 13 | . . . . . . . . 1 . . . . . . . . . . . . . . . . 6 4 . . . . . . 2 . . Shutdowns 3 | . . . . . . . . . . . . . . . . . . . . . . . . . 2 . . . . . . . 1 . . Energy Bleed 3 | . . . . . . . . 1 . . . . . . . . . . . . . . . . 2 . . . . . . . . . . Interference 5 | . . . . . . . . . . . . . . . . . . . . . . . . . 2 3 . . . . . . . . . Matter Decay 2 | . . . . . . . . . . . . . . . . . . . . . . . . . . 1 . . . . . . 1 . . Siege Activations 12 | . . . . . . . . . . . . . . . . . . . . . . 1 . . 3 2 1 . . 1 . 4 . . . Total Turns 231 | . . . . . . . . . . . . . . . . . . . . . . 18 . . 47 29 10 . . 46 . 81 . . . Longest Duration 47 | . . . . . . . . . . . . . . . . . . . . . . 18 . . 26 19 10 . . 46 . 47 . . . Martial Activations . | . . . . . . . . . . . . . . . . . . . . . . . . . . . . . . . . . . . . Shielding Activations . | . . . . . . . . . . . . . . . . . . . . . . . . . . . . . . . . . . . . Robots Disrupted 1 | . . . . . . . . . . . . . . . . . . . . . . . . . . . 1 . . . . . . . . Combat Hostiles 1 | . . . . . . . . . . . . . . . . . . . . . . . . . . . 1 . . . . . . . . Robots Corrupted 15 | . . . . . . . 1 2 . . . . . . . . 1 . . . . . . . . 1 2 2 2 1 1 1 . . 1 Combat Hostiles 13 | . . . . . . . 1 2 . . . . . . . . . . . . . . . . . 1 2 2 2 . 1 1 . . 1 Parts Fried 46 | . . . . . . . 2 11 1 . . . . . . . 2 . . 1 . 2 . . . 1 6 6 2 . 5 . . . 7 Impact Corruptions 10 | . . . . . . . . . . . . . . . . . 2 . . 1 . 1 . . . . 2 . . 2 . 2 . . . Robots Melted 32 | . . . . . . . . . 1 . . . . . . . . 1 . 4 1 1 . . 1 . . . 1 . . 7 2 2 11 Combat Hostiles 28 | . . . . . . . . . 1 . . . . . . . . . . 2 1 1 . . 1 . . . 1 . . 6 2 2 11 Parts Melted 75 | . 1 1 8 . . . 1 1 2 2 . . . . . . . 1 . 5 4 11 . . 2 . 1 7 . 1 . 8 5 . 14 Heat Transferred 35002 | 259 1554 444 2664 . . 148 853 1289 1114 777 111 370 . . . . . 1600 . 3550 1150 1709 . 920 2042 962 1073 1147 370 577 388 3740 1550 444 4197 Parts Sabotaged 5 | . . . . . . . . . . . . 5 . . . . . . . . . . . . . . . . . . . . . . . Parts Stolen . | . . . . . . . . . . . . . . . . . . . . . . . . . . . . . . . . . . . . Parts Stripped . | . . . . . . . . . . . . . . . . . . . . . . . . . . . . . . . . . . . . Power Chain Reactions 7 | . . . . . . . 1 4 1 . . . . . . . . . . . . . . . . . . . . 1 . . . . . Alert | -11 -10 -10 -9 -9 -9 -8 -8 -8 -8 -8 -7 -7 -7 -7 -7 -7 -6 -6 -5 -5 -4 -4 -4 -4 -3 -3 -3 -3 -3 -2 -2 -2 -1 -1 -1 ------- Run | Yrd Mat Min Mat Min Exi Min Mat Gar Mat Gar Fac Gar Fac Gar Fac Gar Fac Gar Fac Gar Fac Gar Fac Gar Res Gar Res Tes Gar Res Qua Frg Acc Com Ac0 Maximum Alert Level 4 | . . . 2 1 . 1 . 4 3 3 2 4 3 3 2 3 2 4 2 3 2 2 1 2 1 4 2 2 4 3 1 4 4 4 . Low Security (%) 37 | 100 100 100 61 90 . 92 100 5 23 . . . . . 61 10 79 5 . . 86 33 64 48 88 . 1 62 . 13 84 52 . . . Level 1 19 | . . . 13 9 . 7 . 29 25 26 48 11 . 44 34 15 18 17 31 14 . 52 35 44 11 21 54 34 4 44 15 9 . . . Level 2 19 | . . . 24 . . . . 25 30 42 51 36 95 47 4 60 2 1 68 52 13 13 . 6 . 32 44 3 14 41 . 10 . . . Level 3 12 | . . . . . . . . 36 20 30 . 33 4 7 . 13 . 65 . 32 . . . . . 34 . . 64 . . 3 98 16 . Level 4 10 | . . . . . . . . 2 . . . 18 . . . . . 10 . . . . . . . 11 . . 16 . . 24 1 83 . Level 5 . | . . . . . . . . . . . . . . . . . . . . . . . . . . . . . . . . . . . . High Security . | . . . . . . . . . . . . . . . . . . . . . . . . . . . . . . . . . . . . Max Security . | . . . . . . . . . . . . . . . . . . . . . . . . . . . . . . . . . . . . Peak Influence 1492 | 5 108 74 654 242 . 225 181 1197 820 861 451 1196 738 722 447 884 471 1213 636 996 522 528 267 439 291 1139 640 417 1283 721 340 1492 1125 854 . Initial 864 | . . 24 . 242 . . 8 105 583 276 451 223 627 303 373 84 464 29 636 254 522 . 267 42 246 216 640 279 309 721 340 69 864 716 . Average 386 | . 33 19 208 60 . 89 30 592 438 591 392 746 547 456 220 511 120 764 468 651 99 275 165 205 65 708 426 182 885 361 156 501 907 790 . Influence Increases 27471 | 25 413 276 1053 . . 463 416 1262 942 665 48 1053 564 984 613 1120 249 1344 175 892 206 770 8 698 676 1163 1161 960 1204 1218 671 3001 703 1290 1185 Destroy 0b10 Robot/C 11340 | . 200 200 660 . . 300 260 680 540 320 20 500 260 500 280 500 100 500 60 280 80 220 . 120 340 420 480 440 460 520 280 1000 300 520 . Destroy 0b10 Robot/NC 675 | 25 30 15 55 . . 10 35 25 25 . . 5 30 . 40 5 30 20 . 20 . . . . 15 . 50 35 5 70 . 80 30 20 . Destroy Leader 1584 | . 50 30 184 . . 50 76 20 136 20 10 20 74 20 50 30 22 60 10 10 20 10 . 20 70 20 114 82 30 94 60 80 50 62 . Allied During Kill 2654 | . . 16 . . . . . 1 8 2 . 52 66 132 104 167 40 304 7 36 33 169 . 49 40 137 215 118 253 222 70 172 10 231 . Successful Hack 597 | . 36 . 16 . . . 24 12 11 . . 24 15 12 12 . 31 24 . 12 10 10 . 12 61 8 88 82 12 21 . 36 24 4 . Select Force Hacks 60 | . 60 . . . . . . . . . . . . . . . . . . . . . . . . . . . . . . . . . . Disable Machine 1770 | . . . 45 . . 60 . 15 135 . 15 . 60 . 75 15 15 . 30 . 45 . . . 30 . 90 75 45 30 90 510 90 105 195 Anti-Garrison Action 3800 | . . . . . . . . 450 . 100 . 400 . 300 . 350 . 400 . 450 . 300 . 400 . 350 . . 300 . . . . . . Destroy Structure 4226 | . 7 . 63 . . 43 21 59 57 43 3 37 44 20 37 23 11 36 68 54 18 46 8 67 120 138 124 98 99 231 171 958 184 348 990 Partial Spotted 60 | . . . . . . . . . . . . . 15 . . . . . . . . . . . . . . 30 . . . 15 . . . Lose Combat Pursuer 705 | . 30 15 30 . . . . . 30 180 . 15 . . 15 30 . . . 30 . 15 . 30 . 90 . . . 30 . 150 15 . . Influence Decreases 26396 | 25 350 339 431 622 . 440 276 228 1714 229 590 176 1326 706 1204 357 1091 173 1025 259 1202 260 457 320 827 312 1803 1044 334 1895 1152 1684 1026 993 1526 Entered New Map 9059 | . . 39 . 380 . . 15 58 614 149 410 96 569 131 339 37 420 13 577 109 474 . 243 19 193 72 499 218 104 562 266 56 578 403 1416 Time Decay 9042 | 25 350 260 421 242 . 440 232 . 490 . 180 . 422 . 350 . 470 . 368 . 354 . 214 . 384 . 644 616 . 538 676 768 368 230 . Lost Part 685 | . . . 10 . . . 29 110 20 40 . 20 . 20 10 . 10 10 . 20 . . . 20 26 60 70 30 10 10 10 80 20 20 30 Lost Ally 4835 | . . 40 . . . . . 60 90 40 . 60 60 180 130 320 41 150 80 130 99 260 . 281 224 180 590 180 220 260 50 630 60 340 80 Purge Threat 2775 | . . . . . . . . . 500 . . . 275 375 375 . 150 . . . 275 . . . . . . . . 525 150 150 . . . Squads Dispatched 121 | . 5 1 2 . . . 1 . 7 . 1 . 5 . 7 . 6 . 2 . 5 . 1 . 7 . 16 14 . 7 7 22 3 2 . Investigation 15 | . 4 . . . . . . . 1 . . . . . 2 . 2 . . . . . . . 1 . 1 1 . 1 . 1 . 1 . Extermination 45 | . . . . . . . . . . . 1 . 2 . 2 . 2 . 1 . 4 . 1 . 3 . 4 4 . 3 5 10 2 1 . Reinforcement 45 | . 1 . 2 . . . . . 5 . . . 2 . 3 . 2 . 1 . 1 . . . 1 . 11 6 . 2 2 5 1 . . Assault 8 | . . 1 . . . . . . . . . . 1 . . . . . . . . . . . . . . . . . . 6 . . . Garrison 8 | . . . . . . . 1 . 1 . . . . . . . . . . . . . . . 2 . . 3 . 1 . . . . . Intercept . | . . . . . . . . . . . . . . . . . . . . . . . . . . . . . . . . . . . . Searches Triggered . | . . . . . . . . . . . . . . . . . . . . . . . . . . . . . . . . . . . . Unchained Authorized 5 | . . . . . . . . . . . . . . . . . . . . . . . 1 . 1 . . . . 1 1 . 1 . . Construction Impeded 14 | . . . . . . . . . 2 . . . 1 . 1 . 1 . 1 . . . . . 1 . 2 3 . 1 . 1 . . . Haulers Reinforced 3 | . . . . . . . . . . . . . . . . . 1 . . . . . . . . . 1 1 . . . . . . . Active Scanning Responses . | . . . . . . . . . . . . . . . . . . . . . . . . . . . . . . . . . . . . Cargo Convoy Interrupts 1 | . . . . . . . . . . . . . . . . . . . . . . . . . . . 1 . . . . . . . . Alert ID Control Effect 224 | . . . . . . . . . . . . . . . . . . . 20 13 13 15 1 12 20 9 28 23 7 7 8 47 1 . . Stealth | -11 -10 -10 -9 -9 -9 -8 -8 -8 -8 -8 -7 -7 -7 -7 -7 -7 -6 -6 -5 -5 -4 -4 -4 -4 -3 -3 -3 -3 -3 -2 -2 -2 -1 -1 -1 --------- Run | Yrd Mat Min Mat Min Exi Min Mat Gar Mat Gar Fac Gar Fac Gar Fac Gar Fac Gar Fac Gar Fac Gar Fac Gar Res Gar Res Tes Gar Res Qua Frg Acc Com Ac0 Distress Signals 69 | . 6 . 3 . . . 2 . 5 . . . . . . . 1 . 2 . . . . . 3 5 5 3 . 2 1 2 4 25 . Communications Jammed . | . . . . . . . . . . . . . . . . . . . . . . . . . . . . . . . . . . . . Distress Signals . | . . . . . . . . . . . . . . . . . . . . . . . . . . . . . . . . . . . . Times Spotted 1243 | . 17 12 48 . . 14 18 38 43 32 1 32 20 33 20 40 21 33 33 48 22 33 4 30 82 60 72 57 35 53 45 133 41 13 60 Peak Tracking Total 17 | . 5 3 6 . . 4 7 6 6 9 1 7 3 7 4 5 5 5 8 7 4 9 2 10 5 10 5 5 8 8 6 13 17 3 5 Tactical Retreats 33 | . 2 1 2 . . . . . 1 8 . 1 . . 1 2 . . . 2 . 1 . 1 . 3 . . . 2 . 3 2 . 1 Traps | -11 -10 -10 -9 -9 -9 -8 -8 -8 -8 -8 -7 -7 -7 -7 -7 -7 -6 -6 -5 -5 -4 -4 -4 -4 -3 -3 -3 -3 -3 -2 -2 -2 -1 -1 -1 ------- Run | Yrd Mat Min Mat Min Exi Min Mat Gar Mat Gar Fac Gar Fac Gar Fac Gar Fac Gar Fac Gar Fac Gar Fac Gar Res Gar Res Tes Gar Res Qua Frg Acc Com Ac0 Traps Triggered 68 | . 3 . . . . . . 5 1 4 . 7 1 3 . 7 4 6 . 2 1 2 1 2 . 1 1 2 . . . 7 1 7 . Indirectly . | . . . . . . . . . . . . . . . . . . . . . . . . . . . . . . . . . . . . Trap Hack Attempts . | . . . . . . . . . . . . . . . . . . . . . . . . . . . . . . . . . . . . Triggered . | . . . . . . . . . . . . . . . . . . . . . . . . . . . . . . . . . . . . Disarmed . | . . . . . . . . . . . . . . . . . . . . . . . . . . . . . . . . . . . . Reprogrammed . | . . . . . . . . . . . . . . . . . . . . . . . . . . . . . . . . . . . . Reused . | . . . . . . . . . . . . . . . . . . . . . . . . . . . . . . . . . . . . Traps Extracted . | . . . . . . . . . . . . . . . . . . . . . . . . . . . . . . . . . . . . Installed 3 | . . . . 3 . . . . . . . . . . . . . . . . . . . . . . . . . . . . . . . Triggered . | . . . . . . . . . . . . . . . . . . . . . . . . . . . . . . . . . . . . Most Traps Carried 1 | . . . . 1 . . . . . . . . . . . . . . . . . . . . . . . . . . . . . . . Machines | -11 -10 -10 -9 -9 -9 -8 -8 -8 -8 -8 -7 -7 -7 -7 -7 -7 -6 -6 -5 -5 -4 -4 -4 -4 -3 -3 -3 -3 -3 -2 -2 -2 -1 -1 -1 ---------- Run | Yrd Mat Min Mat Min Exi Min Mat Gar Mat Gar Fac Gar Fac Gar Fac Gar Fac Gar Fac Gar Fac Gar Fac Gar Res Gar Res Tes Gar Res Qua Frg Acc Com Ac0 Machines Disabled 183 | . . . 3 . . 4 . 5 9 1 1 6 4 2 5 7 1 5 2 6 3 5 . 4 2 6 6 8 9 2 6 43 6 7 15 Max in Single Turn 3 | . . . 1 . . 3 . 1 2 1 1 1 1 1 . 1 1 1 . 1 . 1 . 1 1 1 1 1 1 1 1 2 1 1 1 Garrison Access 7 | . . . . . . . . . . . . . 1 . . . 1 . . . . . . . . . 2 . . 1 1 1 . . . Garrison Relay 43 | . . . . . . . . 3 . 1 . 6 . 2 . 4 . 5 . 5 . 4 . 4 . 5 . . 4 . . . . . . Phase Generator 1 | . . . . . . . . . . . . . . . . . . . . . . 1 . . . . . . . . . . . . . Machines Repaired . | . . . . . . . . . . . . . . . . . . . . . . . . . . . . . . . . . . . . Machines Dismantled 1 | . . . . . . . . . . . . . . . . 1 . . . . . . . . . . . . . . . . . . . Machines Sabotaged . | . . . . . . . . . . . . . . . . . . . . . . . . . . . . . . . . . . . . Overloaded Fab Kills . | . . . . . . . . . . . . . . . . . . . . . . . . . . . . . . . . . . . . Hacking | -11 -10 -10 -9 -9 -9 -8 -8 -8 -8 -8 -7 -7 -7 -7 -7 -7 -6 -6 -5 -5 -4 -4 -4 -4 -3 -3 -3 -3 -3 -2 -2 -2 -1 -1 -1 --------- Run | Yrd Mat Min Mat Min Exi Min Mat Gar Mat Gar Fac Gar Fac Gar Fac Gar Fac Gar Fac Gar Fac Gar Fac Gar Res Gar Res Tes Gar Res Qua Frg Acc Com Ac0 Machines Accessed 167 | . 9 . 10 . 1 . 7 2 7 1 4 2 7 3 6 4 15 2 5 3 6 3 2 3 9 4 15 11 1 6 5 8 2 3 1 Terminals 106 | . 7 . 8 . . . 4 2 4 1 2 2 1 3 3 4 9 2 2 3 3 3 1 3 6 4 6 5 1 4 3 7 1 2 . Fabricators 15 | . . . . . . . . . . . 1 . 2 . 1 . 2 . 1 . 1 . . . 1 . 4 2 . . . . . . . Repair Stations 8 | . . . . . . . 1 . . . . . 1 . 1 . 1 . . . 1 . . . . . 1 1 . . 1 . . . . Recycling Units 3 | . 2 . . . . . . . . . . . . . . . . . . . . . . . . . . . . . . . . 1 . Scanalyzers 15 | . . . 2 . . . 1 . 2 . . . 1 . . . 1 . 1 . . . . . 1 . 2 2 . 1 . . 1 . . Garrison Access 18 | . . . . . . . 1 . 1 . 1 . 2 . 1 . 2 . 1 . 1 . 1 . 1 . 2 1 . 1 1 1 . . . Total Hacks 409 | . 27 . 21 . 1 . 20 4 23 3 5 4 15 5 17 8 33 7 13 11 20 8 9 8 30 9 27 18 3 14 9 14 3 4 16 Successful 193 | . 14 . 12 . 1 . 17 1 13 . 1 2 11 3 7 2 8 2 8 3 9 2 3 1 16 4 11 10 1 7 1 5 1 1 16 Failed 213 | . 13 . 9 . . . 3 3 9 3 4 2 3 2 10 6 25 5 5 8 11 6 6 7 14 5 15 8 2 7 8 9 2 3 . Catastrophic 42 | . 1 . 2 . . . 1 1 1 . 3 1 . . 3 1 6 . 2 1 . 2 . . 1 2 3 2 1 2 2 1 1 2 . Database Lockouts 3 | . . . . . . . . . 1 . . . 1 . . . . . . . . . . . . . 1 . . . . . . . . Manual 185 | . 23 . 7 . . . 10 . 10 . 4 1 5 1 11 . 19 . 6 . 11 3 4 . 17 2 13 13 1 3 8 10 . 3 . Terminals 267 | . 25 . 16 . . . 10 4 13 3 2 4 2 5 9 8 20 7 4 11 11 8 8 8 24 9 12 9 3 11 5 13 1 2 . Fabricators 38 | . . . . . . . . . . . 2 . 5 . 5 . 6 . 3 . 5 . . . 2 . 7 3 . . . . . . . Repair Stations 19 | . . . . . . . 4 . . . . . 1 . 2 . 2 . . . 3 . . . . . 2 2 . . 3 . . . . Recycling Units 4 | . 2 . . . . . . . . . . . . . . . . . . . . . . . . . . . . . . . . 2 . Scanalyzers 46 | . . . 5 . . . 5 . 9 . . . 5 . . . 3 . 5 . . . . . 3 . 4 3 . 2 . . 2 . . Garrison Access 18 | . . . . . . . 1 . 1 . 1 . 2 . 1 . 2 . 1 . 1 . 1 . 1 . 2 1 . 1 1 1 . . . Terminal Hacks 76 | . 4 . 6 . 1 . 3 1 2 . . 2 . 3 . 2 3 2 . 3 2 2 1 1 6 4 4 1 1 3 . 2 . 1 16 Record 17 | . . . . . 1 . . . . . . . . . . . . . . . . . . . . . . . . . . . . . 16 Part Schematic 1 | . 1 . . . . . . . . . . . . . . . . . . . . . . . . . . . . . . . . . . Robot Schematic 1 | . . . . . . . 1 . . . . . . . . . . . . . . . . . . . . . . . . . . . . Robot Analysis 2 | . 1 . . . . . . . 1 . . . . . . . . . . . . . . . . . . . . . . . . . . Prototype ID Bank 3 | . 1 . 1 . . . 1 . . . . . . . . . . . . . . . . . . . . . . . . . . . . Open Door 4 | . . . . . . . . . . . . . . . . . . . . . . 1 . . . 1 . 1 . . . . . 1 . Branch Access Points 3 | . . . . . . . . . . . . . . . . . . . . . . . . . 1 . 1 . . 1 . . . . . Emergency Access Points 10 | . . . 1 . . . . 1 . . . 1 . 1 . 1 . 1 . 1 . 1 . . . 1 . . 1 . . . . . . Terminal Index 1 | . . . 1 . . . . . . . . . . . . . . . . . . . . . . . . . . . . . . . . Fabricator Index 1 | . . . . . . . . . . . . . . . . . . . . . . . . . . . 1 . . . . . . . . Garrison Index 2 | . . . . . . . 1 . . . . . . . . . . . . . . . . . 1 . . . . . . . . . . Alert Level 1 | . . . 1 . . . . . . . . . . . . . . . . . . . . . . . . . . . . . . . . Unreport Threat 2 | . . . . . . . . . . . . . . . . . 1 . . . . . . . . . . . . 1 . . . . . Locate Traps 12 | . 1 . 2 . . . . . 1 . . . . . . . 1 . . . 1 . . . 3 . 1 . . 1 . 1 . . . Recall Extermination 2 | . . . . . . . . . . . . . . . . . 1 . . . 1 . . . . . . . . . . . . . . Hauler Manifests 1 | . . . . . . . . . . . . . . . . . . . . . . . . . . . 1 . . . . . . . . Registered Components 1 | . . . . . . . . . . . . . . . . . . . . . . . . . 1 . . . . . . . . . . Zone Layout 1 | . . . . . . . . . . . . . . . . . . . . . . . 1 . . . . . . . . . . . . Garrison Registry 5 | . . . . . . . . . . . . . . 1 . . . 1 . 1 . . . 1 . 1 . . . . . . . . . Patrol Navigation 4 | . . . . . . . . . . . . 1 . 1 . . . . . 1 . . . . . 1 . . . . . . . . . Security Stations 1 | . . . . . . . . . . . . . . . . 1 . . . . . . . . . . . . . . . . . . . Proto ID Catalog 1 | . . . . . . . . . . . . . . . . . . . . . . . . . . . . . . . . 1 . . . Fabricator Hacks 6 | . . . . . . . . . . . . . 2 . 2 . . . 1 . 1 . . . . . . . . . . . . . . Network Status 3 | . . . . . . . . . . . . . 1 . . . . . 1 . 1 . . . . . . . . . . . . . . Load Schematic 1 | . . . . . . . . . . . . . . . 1 . . . . . . . . . . . . . . . . . . . . Build 2 | . . . . . . . . . . . . . 1 . 1 . . . . . . . . . . . . . . . . . . . . Repair Station Hacks 4 | . . . . . . . 4 . . . . . . . . . . . . . . . . . . . . . . . . . . . . Scan Component 2 | . . . . . . . 2 . . . . . . . . . . . . . . . . . . . . . . . . . . . . Repair 2 | . . . . . . . 2 . . . . . . . . . . . . . . . . . . . . . . . . . . . . Recycling Unit Hacks . | . . . . . . . . . . . . . . . . . . . . . . . . . . . . . . . . . . . . Scanalyzer 29 | . . . 2 . . . 5 . 8 . . . 3 . . . . . 4 . . . . . 2 . 1 1 . 2 . . 1 . . Insert Component 12 | . . . 2 . . . 4 . 3 . . . 1 . . . . . 1 . . . . . 1 . . . . . . . . . . Analyze 8 | . . . . . . . 1 . 4 . . . 1 . . . . . 2 . . . . . . . . . . . . . . . . Retrieve Study 9 | . . . . . . . . . 1 . . . 1 . . . . . 1 . . . . . 1 . 1 1 . 2 . . 1 . . Garrison Access Hacks 18 | . . . . . . . 1 . 1 . 1 . 2 . 1 . 2 . 1 . 1 . 1 . 1 . 2 1 . 1 1 1 . . . Unlock Access 11 | . . . . . . . 1 . 1 . 1 . 1 . 1 . 1 . 1 . 1 . 1 . 1 . . 1 . . . . . . . Seal Access 7 | . . . . . . . . . . . . . 1 . . . 1 . . . . . . . . . 2 . . 1 1 1 . . . Unauthorized Hacks 60 | . 10 . 4 . . . 4 . 2 . . . 4 . 4 . 3 . 2 . 5 . 1 . 7 . 4 7 . 1 . 2 . . . Terminals 41 | . 8 . 4 . . . 4 . 2 . . . 1 . 2 . 3 . . . 3 . 1 . 6 . 2 2 . 1 . 2 . . . Track 2 | . . . . . . . . . 1 . . . . . . . . . . . . . . . 1 . . . . . . . . . . Assimilate 3 | . . . 2 . . . . . . . . . . . . . 1 . . . . . . . . . . . . . . . . . . Botnet 18 | . 2 . 1 . . . 2 . 1 . . . . . 1 . 1 . . . 2 . 1 . 3 . 1 1 . 1 . 1 . . . Operators 13 | . 1 . 1 . . . 2 . . . . . 1 . 1 . 1 . . . 1 . . . 2 . 1 1 . . . 1 . . . Skim 5 | . 5 . . . . . . . . . . . . . . . . . . . . . . . . . . . . . . . . . . Fabricators 11 | . . . . . . . . . . . . . 2 . 1 . . . 2 . 1 . . . 1 . 2 2 . . . . . . . Liberate 2 | . . . . . . . . . . . . . 1 . . . . . 1 . . . . . . . . . . . . . . . . Fabnet 5 | . . . . . . . . . . . . . . . . . . . . . . . . . 1 . 2 2 . . . . . . . Haulers 4 | . . . . . . . . . . . . . 1 . 1 . . . 1 . 1 . . . . . . . . . . . . . . Repair Stations 5 | . . . . . . . . . . . . . 1 . 1 . . . . . 1 . . . . . . 2 . . . . . . . Mechanics 4 | . . . . . . . . . . . . . 1 . 1 . . . . . 1 . . . . . . 1 . . . . . . . Patch 1 | . . . . . . . . . . . . . . . . . . . . . . . . . . . . 1 . . . . . . . Recycling Units 2 | . 2 . . . . . . . . . . . . . . . . . . . . . . . . . . . . . . . . . . Tunnel 2 | . 2 . . . . . . . . . . . . . . . . . . . . . . . . . . . . . . . . . . Scanalyzers 1 | . . . . . . . . . . . . . . . . . . . . . . . . . . . . 1 . . . . . . . Researchers 1 | . . . . . . . . . . . . . . . . . . . . . . . . . . . . 1 . . . . . . . Garrison Access . | . . . . . . . . . . . . . . . . . . . . . . . . . . . . . . . . . . . . Data Cores Recovered 3 | . . . . . . . . . . . . . . . . . 2 . . . . . . . . . . . . . . 1 . . . Used 2 | . . . . . . . . . . . . . . . . . 1 . . . . . . . . . . . . . . 1 . . . Hacking Detections 127 | . 5 . 8 . . . 5 2 5 1 3 2 4 1 4 4 14 2 3 3 5 2 1 3 8 3 13 7 1 4 4 6 2 2 . Full Trace Events 11 | . . . . . . . . . 1 1 . . . . . 1 1 1 . 2 . . . 2 . . 1 . . . . . . 1 . Feedback Events 2 | . . . . . . . . . . 1 . . . . . . . . . . . . . . . . 1 . . . . . . . . Corruption 2 | . . . . . . . . . . 1 . . . . . . . . . . . . . . . . 1 . . . . . . . . Feedback Blocked . | . . . . . . . . . . . . . . . . . . . . . . . . . . . . . . . . . . . . Robot Schematics Acquired 10 | . . . . . . . 1 . . . . . . . . . . . . . . . . . . . . 2 . . . 7 . . . Robots Built 1 | . . . . . . . . . . . . . . . 1 . . . . . . . . . . . . . . . . . . . . Authchips 1 | . . . . . . . . . . . . . . . 1 . . . . . . . . . . . . . . . . . . . . Time 58 | . . . . . . . . . . . . . . . 58 . . . . . . . . . . . . . . . . . . . . Total Robot Build Rating 3 | . . . . . . . . . . . . . . . 3 . . . . . . . . . . . . . . . . . . . . Part Schematics Acquired 48 | . 1 . . . . . 1 . 3 . . . 1 . . . . . 1 . . . . . . . . 36 . . . 5 . . . Parts Built 2 | . . . . . . . . . . . . . 2 . . . . . . . . . . . . . . . . . . . . . . Authchips . | . . . . . . . . . . . . . . . . . . . . . . . . . . . . . . . . . . . . Time 84 | . . . . . . . . . . . . . 84 . . . . . . . . . . . . . . . . . . . . . . Total Part Build Rating 8 | . . . . . . . . . . . . . 8 . . . . . . . . . . . . . . . . . . . . . . Part Studies Acquired 9 | . . . . . . . . . 1 . . . 1 . . . . . 1 . . . . . 1 . 1 1 . 2 . . 1 . . Parts Repaired 2 | . . . . . . . 2 . . . . . . . . . . . . . . . . . . . . . . . . . . . . Time 174 | . . . . . . . 174 . . . . . . . . . . . . . . . . . . . . . . . . . . . . Parts Recycled . | . . . . . . . . . . . . . . . . . . . . . . . . . . . . . . . . . . . . Recycled Matter . | . . . . . . . . . . . . . . . . . . . . . . . . . . . . . . . . . . . . Retrieved Matter . | . . . . . . . . . . . . . . . . . . . . . . . . . . . . . . . . . . . . Retrieved Components . | . . . . . . . . . . . . . . . . . . . . . . . . . . . . . . . . . . . . Parts Scanalyzed 6 | . . . 1 . . . . . 3 . . . 1 . . . . . 1 . . . . . . . . . . . . . . . . Part Schematics Acquired 6 | . . . . . . . 1 . 3 . . . 1 . . . . . 1 . . . . . . . . . . . . . . . . Parts Damaged 1 | . . . 1 . . . . . . . . . . . . . . . . . . . . . . . . . . . . . . . . Bothacking | -11 -10 -10 -9 -9 -9 -8 -8 -8 -8 -8 -7 -7 -7 -7 -7 -7 -6 -6 -5 -5 -4 -4 -4 -4 -3 -3 -3 -3 -3 -2 -2 -2 -1 -1 -1 ------------ Run | Yrd Mat Min Mat Min Exi Min Mat Gar Mat Gar Fac Gar Fac Gar Fac Gar Fac Gar Fac Gar Fac Gar Fac Gar Res Gar Res Tes Gar Res Qua Frg Acc Com Ac0 Used RIF Installer 11 | . . . . . . . . 1 . . . 1 . 1 . 1 . 2 . 1 . 1 . 1 . 1 . . 1 . . . . . . Coupler Efficiency 1 | . . . . . . . . . . . . 1 . . . . . . . . . . . . . . . . . . . . . . . Command Fork 1 | . . . . . . . . . . . . . . . . . . . . . . . . . . . . . 1 . . . . . . Zone Cloak 1 | . . . . . . . . . . . . . . . . . . 1 . . . . . . . . . . . . . . . . . Robot Detection 1 | . . . . . . . . . . . . . . . . . . . . . . . . 1 . . . . . . . . . . . Watcher Feeds 1 | . . . . . . . . . . . . . . 1 . . . . . . . . . . . . . . . . . . . . . Alert ID Control 1 | . . . . . . . . . . . . . . . . . . 1 . . . . . . . . . . . . . . . . . Program Shield 1 | . . . . . . . . . . . . . . . . . . . . . . . . . . 1 . . . . . . . . . Autooverride 1 | . . . . . . . . . . . . . . . . 1 . . . . . . . . . . . . . . . . . . . Autoassimilate 1 | . . . . . . . . . . . . . . . . . . . . 1 . . . . . . . . . . . . . . . Crosswire 1 | . . . . . . . . . . . . . . . . . . . . . . 1 . . . . . . . . . . . . . Robots Hacked 475 | . . . . . . . . . 11 2 . 9 10 17 16 21 20 14 24 26 19 14 4 22 32 30 27 33 15 28 11 42 7 21 . Non-combat 79 | . . . . . . . . . 5 . . . 1 . 4 . 10 . 11 . 6 . 2 . 6 . 5 11 1 10 1 6 . . . Combat 396 | . . . . . . . . . 6 2 . 9 9 17 12 21 10 14 13 26 13 14 2 22 26 30 22 22 14 18 10 36 7 21 . Autooverrided 45 | . . . . . . . . . . . . . . . . 5 1 3 2 6 1 3 . 4 1 5 3 1 3 1 . 4 2 . . Autoassimilated 45 | . . . . . . . . . . . . . . . . . . . . 1 3 4 . 7 3 6 6 3 2 2 1 5 1 1 . Robot Hacks Applied 407 | . . . . . . . . . 17 2 . 9 13 22 19 19 22 11 22 20 18 7 4 11 32 21 20 42 12 22 9 25 2 6 . parse_system 20 | . . . . . . . . . . . . . . 2 . 3 1 . . . . . . . 2 1 . 2 3 . 1 2 1 2 . deconstruct_machine 1 | . . . . . . . . . . . . . . . . . . . 1 . . . . . . . . . . . . . . . . ignore_repairs 23 | . . . . . . . . . . . . . . . . . 2 . . . 1 . . . 1 . . 7 . 8 . 4 . . . map_earth 1 | . . . . . . . . . 1 . . . . . . . . . . . . . . . . . . . . . . . . . . find_fabricator 4 | . . . . . . . . . . . . . . . . . 1 . . . 1 . . . 1 . 1 . . . . . . . . drop_inventory 25 | . . . . . . . . . 1 . . . . . 3 . 3 . 5 . 3 . 1 . 4 . 3 1 . 1 . . . . . recall_reinforcements 1 | . . . . . . . . . . . . . . . . . 1 . . . . . . . . . . . . . . . . . . ignore_parts 9 | . . . . . . . . . . . . . . . . . 2 . 4 . . . . . . . 1 2 . . . . . . . purge_threat 20 | . . . . . . . . . 5 . . . 2 3 3 . . . . . 2 . . . . . . . . 3 1 1 . . . block_reporting 6 | . . . . . . . . . . . . . . . . . . . . . . . 1 . 1 . 1 1 . 1 1 . . . . clear_repairs 1 | . . . . . . . . . . . . . . . . . . . . . . . . . . . . . . . . 1 . . . clear_recycling 1 | . . . . . . . . . . . . . . . . . . . . . . . . . . . . . . . . 1 . . . map_route 1 | . . . . . . . . . . . . . . . . . 1 . . . . . . . . . . . . . . . . . . disable_scanner 4 | . . . . . . . . . . . . . . . . . . . . . . . . . . . . 1 . . 1 2 . . . report_schematics 3 | . . . . . . . . . . . . . . . . . . . . . . . . . . . . 3 . . . . . . . report_analyses 9 | . . . . . . . . . . . . . . . . . . . . . . . . . . . . 7 . . . 2 . . . find_garrison 3 | . . . . . . . . . 1 . . . 1 . 1 . . . . . . . . . . . . . . . . . . . . scatter_targeting 2 | . . . . . . . . . 1 . . . . . . . . . . . . . . . . . . . . 1 . . . . . spike_heat 4 | . . . . . . . . . . . . . . . . 1 . . . 2 1 . . . . . . . . . . . . . . amplify_resonance 27 | . . . . . . . . . . . . . . . . 2 1 4 6 3 1 1 . . 3 2 . 1 1 2 . . . . . reboot_system 18 | . . . . . . . . . 2 . . 1 2 . 1 2 . . . 3 . 1 . 1 2 1 . . 1 1 . . . . . overwrite_iff 47 | . . . . . . . . . . . . 2 2 7 3 2 2 3 2 2 . 2 . 1 . 5 2 5 4 1 . 1 1 . . formatsys_low 21 | . . . . . . . . . 3 . . . 1 1 1 . 2 . 1 1 2 . . . . . 1 3 1 2 . 2 . . . formatsys_high 156 | . . . . . . . . . 3 2 . 6 5 9 7 9 6 4 3 9 7 3 2 9 18 12 11 9 2 2 5 9 . 4 . Relay Couplers Released 202 | . . . . . . . . 12 . 3 . 23 6 8 . 14 4 20 . 21 . 16 . 16 . 22 5 . 18 . 4 10 . . . Machine Destruction 177 | . . . . . . . . 12 . 3 . 23 2 8 . 14 4 20 . 21 . 16 . 16 . 19 1 . 18 . . . . . . Programmers 25 | . . . . . . . . . . . . . 4 . . . . . . . . . . . . 3 4 . . . 4 10 . . . Attached 118 | . . . . . . . . . 6 1 . 6 4 7 5 4 5 7 2 7 4 3 1 7 6 10 7 6 6 2 3 7 . 2 . Crosswired 36 | . . . . . . . . . . . . . . . . . . . . . . 3 . 5 . 15 2 . 9 . . 2 . . . Fabnet Peak Effective % 15 | . . . . . . . . . . . . . . . . . . . . . . . . . . . . . . 15 15 15 5 5 5 Autooverrided 43 | . . . . . . . . . . . . . . . . . . . . . . . . . . . . . . 8 3 15 2 15 . Robots Rewired 9 | . . . . . . . . 3 . . . . . . . 3 . . . . . . . . . . . 1 2 . . . . . . Allies Hacked 16 | . . . . . . . . . . 1 . . 2 2 . 1 . . 1 . . . . 3 2 . 1 . 1 1 . . . 1 . Hacks Repelled 1 | . . . . . . . . . . . . . . . . . . . . . . . . . 1 . . . . . . . . . . Allies | -11 -10 -10 -9 -9 -9 -8 -8 -8 -8 -8 -7 -7 -7 -7 -7 -7 -6 -6 -5 -5 -4 -4 -4 -4 -3 -3 -3 -3 -3 -2 -2 -2 -1 -1 -1 -------- Run | Yrd Mat Min Mat Min Exi Min Mat Gar Mat Gar Fac Gar Fac Gar Fac Gar Fac Gar Fac Gar Fac Gar Fac Gar Res Gar Res Tes Gar Res Qua Frg Acc Com Ac0 Total Allies 391 | . . 3 1 . . . . 3 6 2 . 8 8 18 12 20 12 12 8 18 13 13 2 23 22 30 23 21 18 17 11 38 7 22 . Largest Group 18 | . . 3 1 1 1 1 1 3 2 2 . 4 5 8 11 11 6 9 5 5 7 11 3 6 7 18 14 6 7 8 7 6 2 18 . Highest-Rated Group 1213 | . . 72 10 10 10 10 10 120 41 32 . 128 108 213 217 266 224 383 190 201 352 476 147 334 381 865 741 459 427 407 718 794 116 1213 . Highest-Rated Ally 344 | . . 31 10 10 10 10 10 40 26 16 . 32 32 95 32 80 80 95 80 49 56 56 49 80 64 64 116 251 116 82 344 344 82 215 . Total Orders 265 | . . . . 2 . . 2 . 3 . . 2 2 13 6 3 9 5 1 10 1 3 . 3 20 24 6 7 3 2 14 39 . 10 75 STAY 104 | . . . . 2 . . 1 . 1 . . 1 1 7 2 1 4 4 . 5 . 1 . 2 12 13 3 4 1 . 7 24 . 8 . ROAM 3 | . . . . . . . . . . . . . . . 1 . . . . . . . . . . 1 . . . . . 1 . . . FOLLOW 70 | . . . . . . . 1 . . . . 1 1 6 2 1 3 1 . 4 . . . 1 8 10 3 3 1 . 7 13 . 2 2 AID 15 | . . . . . . . . . 2 . . . . . 1 1 2 . 1 1 1 2 . . . . . . 1 2 . 1 . . . EXPLORE 15 | . . . . . . . . . . . . . . . . . . . . . . . . . . . . . . . . . . . 15 RETURN 58 | . . . . . . . . . . . . . . . . . . . . . . . . . . . . . . . . . . . 58 Ally Attacks 2646 | . . 12 . . . . . 7 19 5 . 32 49 90 61 97 38 87 49 79 86 106 1 99 136 94 227 118 128 105 79 317 10 160 355 Total Damage 93679 | . . 125 . . . . . 290 347 78 . 1020 1628 2093 2396 2095 1328 3293 1341 1916 2496 3074 25 3693 4793 2206 6312 5715 4128 2729 2668 12883 322 8373 16312 Kills 481 | . . 4 . . . . . 1 . . . 9 21 23 23 24 9 25 20 13 13 20 1 17 22 12 39 34 24 18 9 56 1 26 17 Allies Corrupted 28 | . . . . . . . . . . . . . . 2 . . . . . . 2 . . 2 1 . 2 . 2 . . 7 . 4 6 Allies Melted 4 | . . . . . . . . . . . . . . . . . . . . . 1 . . . . 1 . . . . . 1 1 . . Intel | -11 -10 -10 -9 -9 -9 -8 -8 -8 -8 -8 -7 -7 -7 -7 -7 -7 -6 -6 -5 -5 -4 -4 -4 -4 -3 -3 -3 -3 -3 -2 -2 -2 -1 -1 -1 ------- Run | Yrd Mat Min Mat Min Exi Min Mat Gar Mat Gar Fac Gar Fac Gar Fac Gar Fac Gar Fac Gar Fac Gar Fac Gar Res Gar Res Tes Gar Res Qua Frg Acc Com Ac0 Active Infowar (turns) 21355 | 108 1566 732 2282 1011 204 1056 649 . 655 . 370 . 84 370 . . 738 . . . . . . . . . . . . . . 3082 844 4278 3326 Optics 11110 | . . . . . . . . . . . . . . . . . . . . . . . . . . . . . . . . 2662 844 4278 3326 Sensors 794 | . . . . . . . . . . . 177 . . . . . 617 . . . . . . . . . . . . . . . . . . Terrain 1710 | 82 87 . . . . . . . . . . . . . . . . . . . . . . . . . . . . . . 420 314 . 807 Structural 1937 | . . . 929 2 . . 648 . 358 . . . . . . . . . . . . . . . . . . . . . . . . . . Seismic 7500 | 26 1479 732 2026 1011 204 1056 131 . 642 . 193 . . . . . . . . . . . . . . . . . . . . . . . . T.N.C. 2 | . . . 2 . . . . . . . . . . . . . . . . . . . . . . . . . . . . . . . . Machine Analysis 929 | . . . 929 . . . . . . . . . . . . . . . . . . . . . . . . . . . . . . . . Triangulation 4 | . . . . . . . . . . . . . . . . . . . . . . . . . . . . . . . . . . 4 . Cloaking 3214 | . . . . . . . . . . . . . . . . . . . . . . . . . . . . . . . . 1240 586 1388 . Jamming 576 | . . . . . . . . . . . . . 84 370 . . 121 . . . . . . . . . . . . . . . . 1 . ECM 19 | . . . . . . . . . . . . . . . . . . . . . . . . . . . . . . . . 16 . 3 . Robot Analysis Total 2 | . 1 . . . . . . . 1 . . . . . . . . . . . . . . . . . . . . . . . . . . Derelict Logs Recovered 2 | . . 1 . 1 . . . . . . . . . . . . . . . . . . . . . . . . . . . . . . . Drone Launches 83 | . . . . . . . . . . . . . . . . . . . . . . . . . . . . . . . . . . . 83 Drone Recoveries 76 | . . . . . . . . . . . . . . . . . . . . . . . . . . . . . . . . . . . 76 Exploration | -11 -10 -10 -9 -9 -9 -8 -8 -8 -8 -8 -7 -7 -7 -7 -7 -7 -6 -6 -5 -5 -4 -4 -4 -4 -3 -3 -3 -3 -3 -2 -2 -2 -1 -1 -1 ------------- Run | Yrd Mat Min Mat Min Exi Min Mat Gar Mat Gar Fac Gar Fac Gar Fac Gar Fac Gar Fac Gar Fac Gar Fac Gar Res Gar Res Tes Gar Res Qua Frg Acc Com Ac0 Turns Passed 57137 | 267 1807 813 2650 1011 205 1083 686 2152 1288 907 373 1700 1032 1962 789 1288 1360 1415 842 1750 1282 1380 446 1496 1740 1799 2330 2045 1332 1532 2655 5272 844 4278 3326 Spaces Moved 32349 | 144 958 464 1312 615 128 475 289 1034 635 458 222 906 591 1210 544 831 939 876 474 836 708 768 287 895 829 973 1329 1122 681 708 1507 2999 479 3022 2101 Core 7 | 7 . . . . . . . . . . . . . . . . . . . . . . . . . . . . . . . . . . . Treads 18092 | 137 958 464 1312 615 128 475 289 496 . . . . . . . . . . . 756 708 768 287 895 829 973 1329 1122 681 708 1507 2655 . . . Legs 5946 | . . . . . . . . . . . . . . . . . . . . . . . . . . . . . . . . 344 479 3022 2101 Wheels 8304 | . . . . . . . . 538 635 458 222 906 591 1210 544 831 939 876 474 80 . . . . . . . . . . . . . . . Hover . | . . . . . . . . . . . . . . . . . . . . . . . . . . . . . . . . . . . . Flight . | . . . . . . . . . . . . . . . . . . . . . . . . . . . . . . . . . . . . Fastest Speed 50 | 50 160 160 160 160 160 160 160 145 145 145 145 145 150 120 105 105 120 120 150 150 160 145 145 145 145 145 145 145 153 163 136 100 100 100 140 Average Speed 145 | 154 160 160 160 160 160 214 160 152 145 152 145 150 150 134 119 119 120 128 150 159 160 155 145 145 159 147 145 146 160 164 154 134 121 126 140 Slowest Speed 255 | 160 160 160 160 160 160 240 160 160 145 160 145 160 160 150 120 120 120 150 150 245 160 225 145 145 225 225 145 153 163 165 255 250 196 220 230 Overloaded Moves . | . . . . . . . . . . . . . . . . . . . . . . . . . . . . . . . . . . . . Propulsion Burnouts . | . . . . . . . . . . . . . . . . . . . . . . . . . . . . . . . . . . . . Robots Hopped . | . . . . . . . . . . . . . . . . . . . . . . . . . . . . . . . . . . . . Potential Cave-ins 13 | . . . . . . . . . . . . . . . . . . . . . . . . . . . . . . . . 12 . . 1 Cave-ins Triggered 1 | . . . . . . . . . . . . . . . . . . . . . . . . . . . . . . . . 1 . . . Teleports 13 | . . . . . . . . . . . . . . . . . . . . . . . . . . . . . . . . 6 5 1 1 Exploration Rate (%) 60 | 7 97 86 85 96 49 99 22 83 75 55 7 89 19 89 21 88 32 71 17 72 28 89 11 78 41 82 47 93 85 34 96 38 12 86 95 Regions Visited 35 Branch Regions 9 Pre-discovered Areas 4 | . 3 . . . 1 . . . . . . . . . . . . . . . . . . . . . . . . . . . . . . Known Exits Taken 16 | . . 1 1 . . 1 1 . 1 . 1 . 1 . 1 . 1 . 1 . 1 . 1 . 1 . 1 1 . 1 . . . . . Unknown Exits Taken 8 | 1 1 . . 1 1 . . . . . . . . . . . . . . . . . . . . . . . . . 1 1 1 1 . Scrap Searched 3 | . . 1 . 1 . 1 . . . . . . . . . . . . . . . . . . . . . . . . . . . . . Spaces Dug 473 | . 4 . 8 . . 25 5 26 36 21 2 13 8 6 . 8 8 10 1 3 4 6 1 19 11 26 11 22 14 25 13 109 6 2 20 Terrain Destroyed 1353 | . 5 . 59 . . 56 18 36 60 34 3 27 14 10 4 13 8 11 2 13 10 8 3 21 50 75 69 29 24 81 41 160 77 19 313 Melee 106 | . . . 2 . . . 1 14 7 . 2 6 8 6 . 8 8 10 1 . . 6 . . . . . . . . 6 21 . . . Projectile 627 | . 5 . 8 . . . 9 1 6 1 1 4 6 4 4 5 . 1 1 13 10 2 3 21 40 21 34 29 24 48 29 138 73 16 70 AOE 603 | . . . 49 . . 56 8 21 47 33 . 17 . . . . . . . . . . . . 10 54 35 . . 33 6 . . . 234 Terrain Rammed . | . . . . . . . . . . . . . . . . . . . . . . . . . . . . . . . . . . . . Walls Destroyed . | . . . . . . . . . . . . . . . . . . . . . . . . . . . . . . . . . . . . Machines Disabled . | . . . . . . . . . . . . . . . . . . . . . . . . . . . . . . . . . . . . Actions | -11 -10 -10 -9 -9 -9 -8 -8 -8 -8 -8 -7 -7 -7 -7 -7 -7 -6 -6 -5 -5 -4 -4 -4 -4 -3 -3 -3 -3 -3 -2 -2 -2 -1 -1 -1 --------- Run | Yrd Mat Min Mat Min Exi Min Mat Gar Mat Gar Fac Gar Fac Gar Fac Gar Fac Gar Fac Gar Fac Gar Fac Gar Res Gar Res Tes Gar Res Qua Frg Acc Com Ac0 Total 39446 | 171 1121 503 1642 643 128 515 424 1333 890 574 260 1136 684 1435 651 1025 1121 1082 592 1114 820 884 311 1030 1112 1276 1599 1412 841 942 1759 3891 652 3439 2434 Wait 1927 | 5 60 11 108 19 . 15 43 36 82 9 12 13 15 47 39 30 61 34 61 57 23 18 5 14 102 82 62 30 28 61 96 332 70 163 84 Move 32317 | 143 957 463 1311 614 127 474 289 1033 635 457 222 905 590 1209 543 830 939 875 474 835 707 767 286 894 829 972 1328 1121 680 707 1506 2997 478 3020 2100 Hop . | . . . . . . . . . . . . . . . . . . . . . . . . . . . . . . . . . . . . Pick Up 499 | 7 14 2 25 3 . . 11 18 14 7 8 23 8 17 3 15 11 17 9 16 12 12 . 13 12 39 17 21 13 9 17 54 8 26 18 Fast Attach 209 | 7 1 . 4 . . 1 2 3 2 1 . 6 3 1 4 2 . 5 . 7 4 5 2 6 2 7 13 6 3 7 11 34 7 33 20 Attach 235 | . . . 3 . . . 6 10 6 5 3 10 2 5 4 8 7 4 3 12 8 6 . 7 9 12 11 10 6 5 6 27 7 19 14 Detach 100 | . . . 2 . . . 1 1 3 1 . 4 1 2 4 3 . 3 . 2 4 1 1 4 . 3 . 4 2 2 4 21 2 21 4 Swap 921 | 2 24 9 55 1 1 11 20 29 63 17 4 36 12 15 9 19 18 23 6 32 17 22 4 18 37 35 44 36 28 31 32 109 27 36 39 Drop 485 | . 11 2 23 3 . 1 8 14 12 1 4 22 8 10 4 8 8 14 6 14 8 13 2 10 4 31 17 19 11 11 26 67 7 54 32 Fire 2068 | 7 54 14 108 . . 13 43 74 37 46 3 47 31 50 37 52 36 57 30 107 35 30 10 59 116 88 102 162 69 105 49 200 40 34 123 Melee 365 | . . . 2 . . . 1 93 30 5 4 32 12 53 . 21 15 18 1 5 . 10 . . . . . . . . 12 45 5 1 . Ram 1 | . . . . . . . . . . . . . . . . . . . 1 . . . . . . . . . . . . . . . . Kick 4 | . . . . . . . . . . . . . . . . . . . . . . . . . . . . . . . . 3 1 . . Crush 15 | . . 2 1 . . . . . . . . . . 1 . . . . . . 1 . 1 . 1 . 4 3 . 1 . . . . . Escape Stasis 232 | . . . . . . . . 16 . 24 . 37 . 24 . 24 24 32 . 24 . . . . . . . . . . . 1 . 26 . Rewire 57 | . . . . . . . . 6 6 1 . 1 2 1 4 5 2 . 1 3 1 . . 5 . 7 1 . 1 3 . 1 . 6 . Trap 3 | . . . . 3 . . . . . . . . . . . . . . . . . . . . . . . . . . . . . . . Miscellaneous 8 | . . . . . . . . . . . . . . . . 8 . . . . . . . . . . . . . . . . . . . Route ------- -11/Scrapyard -10/Materials (discovered 5 exits: *Mat x3 / [*Min] / Sub) -10/Mines (discovered 2 exits: *Mat x2) -9/Materials (discovered 5 exits: *Mat x3 / *Min x2) -9/Mines (discovered 3 exits: *Mat x2 / *Exi) -9/Exiles -8/Mines (discovered 2 exits: *Mat x2) -8/Materials -8/Garrison (discovered 4 exits: *Fac x3 / *Mat) -8/Materials (discovered 3 exits: *Fac x2 / Gar) -8/Garrison (discovered 3 exits: *Fac x3) -7/Factory (discovered 2 exits: Sto / Gar) -7/Garrison (discovered 3 exits: *Fac x3) -7/Factory (discovered 3 exits: *Fac / Sto / Gar) -7/Garrison (discovered 4 exits: *Fac x3 / *Fac) -7/Factory (discovered 2 exits: [*Low] / Gar) -7/Garrison (discovered 3 exits: *Fac x3) -6/Factory (discovered 3 exits: *Fac / [*Low] / Gar) -6/Garrison (discovered 3 exits: *Fac x3) -5/Factory -5/Garrison (discovered 3 exits: *Fac x3) -4/Factory (discovered 4 exits: *Res x2 / [*Upp] / Gar) -4/Garrison (discovered 3 exits: *Fac x3) -4/Factory (discovered 2 exits: [*Upp] / Gar) -4/Garrison (discovered 3 exits: *Res x3) -3/Research (discovered 4 exits: Arm / *Tes x2 / Gar) -3/Garrison (discovered 4 exits: *Res x3 / *Res) -3/Research (discovered 4 exits: *Res / Arm / *Tes x2) -3/Testing (discovered 2 exits: *Res / Gar) -3/Garrison (discovered 2 exits: *Res x2) -2/Research (discovered 3 exits: *Acc / *Qua x2) -2/Quarantine (discovered 3 exits: *Acc / [*Sec] / *Frg) -2/Protoforge -1/Access -1/Command (discovered 3 exits: [*Sur x2] / *Ac0) -1/Access_0 0b11 Command History --------- Turn | Location | Event 2 | -11/Scrapyard | Met Revision 17 5 | -11/Scrapyard | Discovered new exit (range 15) 268 | -11/Scrapyard | Entered Materials 307 | -10/Materials | Build established: Mutant 528 | -10/Materials | Discovered new exit (range 15) 1084 | -10/Materials | Discovered new exit (range 5) 1178 | -10/Materials | Discovered new exit (range 9) 1291 | -10/Materials | Discovered new exit (range 5) 1489 | -10/Materials | Learned Storage emergency access door positions 1556 | -10/Materials | Identified exit to Subcaves 1746 | -10/Materials | Learned location of Storage (-7) 2075 | -10/Materials | Entered Mines 2076 | -10/Mines | Identified exit to Materials 2086 | -10/Mines | Core integrity fell below 50% 2178 | -10/Mines | Learned 2 Materials zone layouts 2237 | -10/Mines | Met a Derelict testing a Signal Generator 2459 | -10/Mines | Found a damaged Exp. Sensor Array with a note attached 2463 | -10/Mines | Found Prototype Device 2888 | -10/Mines | Entered Materials 2888 | -9/Materials | Evolved 2 slots: Propulsion x1, Utility x1 2889 | -9/Materials | Identified exit to Materials 3201 | -9/Materials | Discovered new exit (range 6) 3254 | -9/Materials | Identified exit to Mines 4083 | -9/Materials | Discovered exit to Mines (range 8) 4353 | -9/Materials | Build established: Scavenger-Mutant 4555 | -9/Materials | Destroyed 8 combat bots 5468 | -9/Materials | Identified Exp. Sensor Array 5502 | -9/Materials | Build established: Mutant 5538 | -9/Materials | Entered Mines 5538 | -9/Mines | Accompanied by 1 ally 5545 | -9/Mines | Received a Rocket Launcher from a helpful Derelict 5550 | -9/Mines | Learned Materials security intel 5618 | -9/Mines | Deemed a non-threat by the Exiles lab entrance 5620 | -9/Mines | Discovered new exit (range 5) 5657 | -9/Mines | Found a hidden stash of uninstalled traps 6549 | -9/Mines | Entered Exiles 6549 | -9/Exiles | Accompanied by 1 ally 6588 | -9/Exiles | Met 8R-AWN 6617 | -9/Exiles | Met EX-HEX 6679 | -9/Exiles | Met EX-DEC 6685 | -9/Exiles | Learned location of Zion (-7) 6733 | -9/Exiles | Discovered new exit (range 14) 6754 | -9/Exiles | Entered Mines 6754 | -8/Mines | Accompanied by 1 ally 7734 | -8/Mines | Discovered exit to Materials (range 11) 7837 | -8/Mines | Entered Materials 7837 | -8/Materials | Accompanied by 1 ally 7837 | -8/Materials | Evolved 2 slots: Propulsion x1, Utility x1 8263 | -8/Materials | Repaired Broken Exp. Sensor Array 8315 | -8/Materials | Repaired Hvy. Particle Cannon 8443 | -8/Materials | Garrison activated, responded to threat 8488 | -8/Materials | Destroyed 7 combat bots 8523 | -8/Materials | Identified exit to Garrison 8523 | -8/Materials | Entered Garrison 8659 | -8/Garrison | Triggered checkpoint 8668 | -8/Garrison | Triggered checkpoint 8708 | -8/Garrison | Destroyed 7 combat bots 8785 | -8/Garrison | Discovered new exit (range 8) 8829 | -8/Garrison | Triggered checkpoint 9000 | -8/Garrison | Discovered new exit (range 10) 9179 | -8/Garrison | Triggered checkpoint 9373 | -8/Garrison | Installed Relay Interface Framework 9396 | -8/Garrison | Spotted B-75 Beast 9427 | -8/Garrison | Destroyed B-75 Beast 9451 | -8/Garrison | Lost 3 allies 9463 | -8/Garrison | Lost 3 parts (2n1u) 9549 | -8/Garrison | Discovered new exit (range 11) 9583 | -8/Garrison | Build established: Scavenger-Mutant 9817 | -8/Garrison | Triggered checkpoint 9839 | -8/Garrison | Garrison Relay disabled 10027 | -8/Garrison | Garrison Relay disabled 10411 | -8/Garrison | Core integrity fell below 50% 10430 | -8/Garrison | Garrison Relay disabled 10465 | -8/Garrison | Lost 5 parts (2n1u2w) 10491 | -8/Garrison | Triggered checkpoint 10504 | -8/Garrison | Discovered new exit (range 7) 10675 | -8/Garrison | Entered Materials 10996 | -8/Materials | Build established: Mutant 11175 | -8/Materials | Discovered new exit (range 7) 11238 | -8/Materials | Discovered new exit (range 9) 11422 | -8/Materials | Lost 3 allies 11580 | -8/Materials | Central database locked down 11906 | -8/Materials | Garrison activated, responded to threat 11961 | -8/Materials | Destroyed 8 combat bots 11963 | -8/Materials | Identified exit to Garrison 11963 | -8/Materials | Entered Garrison 11989 | -8/Garrison | Triggered checkpoint 12053 | -8/Garrison | Garrison Relay disabled 12061 | -8/Garrison | Triggered checkpoint 12094 | -8/Garrison | Core integrity fell below 20% 12237 | -8/Garrison | Triggered checkpoint 12365 | -8/Garrison | Discovered new exit (range 10) 12559 | -8/Garrison | Discovered new exit (range 12) 12678 | -8/Garrison | Triggered checkpoint 12861 | -8/Garrison | Discovered new exit (range 3) 12870 | -8/Garrison | Entered Factory 12870 | -7/Factory | Evolved 2 slots: Utility x1, Weapon x1 12871 | -7/Factory | Identified exit to Storage 13243 | -7/Factory | Identified exit to Garrison 13243 | -7/Factory | Entered Garrison 13267 | -7/Garrison | Garrison Relay disabled 13398 | -7/Garrison | Garrison Relay disabled 13436 | -7/Garrison | Triggered checkpoint 13470 | -7/Garrison | Destroyed 7 combat bots 13477 | -7/Garrison | Triggered checkpoint 13791 | -7/Garrison | Discovered new exit (range 14) 13884 | -7/Garrison | Expanded RIF knowledge: Coupler Efficiency 14009 | -7/Garrison | Triggered checkpoint 14043 | -7/Garrison | Garrison Relay disabled 14057 | -7/Garrison | Garrison Relay disabled 14405 | -7/Garrison | Triggered checkpoint 14440 | -7/Garrison | Garrison Relay disabled 14509 | -7/Garrison | Triggered checkpoint 14523 | -7/Garrison | Discovered new exit (range 13) 14619 | -7/Garrison | Triggered checkpoint 14823 | -7/Garrison | Triggered checkpoint 14874 | -7/Garrison | Garrison Relay disabled 14924 | -7/Garrison | Discovered new exit (range 12) 14943 | -7/Garrison | Entered Factory 14943 | -7/Factory | Accompanied by 3 allies 15039 | -7/Factory | Central database locked down 15135 | -7/Factory | Discovered new exit (range 7) 15252 | -7/Factory | Fabricated Arm. Huge Wheel (x2) 15468 | -7/Factory | Build established: Bothacker-Mutant 15621 | -7/Factory | Lost 3 allies 15743 | -7/Factory | First assault squad dispatched 15882 | -7/Factory | Build established: Bothacker-Gunner 15973 | -7/Factory | Identified exit to Garrison 15975 | -7/Factory | Entered Garrison 15975 | -7/Garrison | Accompanied by 3 allies 16037 | -7/Garrison | Triggered checkpoint 16274 | -7/Garrison | Build established: Bothacker-Mutant 16281 | -7/Garrison | Found embedded Infiltrators 16350 | -7/Garrison | P-60 Hacker assimilated allied Technician 4a 16415 | -7/Garrison | Triggered checkpoint 16417 | -7/Garrison | Triggered checkpoint 16447 | -7/Garrison | Triggered checkpoint 16904 | -7/Garrison | Discovered new exit (range 15) 16912 | -7/Garrison | Build established: Bothacker-Tank 17001 | -7/Garrison | Triggered checkpoint 17071 | -7/Garrison | Garrison Relay disabled 17290 | -7/Garrison | Discovered new exit (range 68) 17290 | -7/Garrison | Discovered new exit (range 51) 17290 | -7/Garrison | Discovered new exit (range 17) 17290 | -7/Garrison | Discovered new exit (range 25) 17363 | -7/Garrison | Build established: Bothacker-Mutant 17417 | -7/Garrison | Triggered checkpoint 17485 | -7/Garrison | Expanded RIF knowledge: Watcher Feeds 17503 | -7/Garrison | Triggered checkpoint 17708 | -7/Garrison | Build established: Bothacker-Tank 17823 | -7/Garrison | Triggered checkpoint 17863 | -7/Garrison | Lost 3 allies 17937 | -7/Garrison | Entered Factory 17937 | -7/Factory | Accompanied by 6 allies 18236 | -7/Factory | Lost 3 allies 18312 | -7/Factory | Fabricated M-28 Smith? 18655 | -7/Factory | Build established: Bothacker-Gunner 18668 | -7/Factory | Discovered new exit (range 8) 18695 | -7/Factory | Identified exit to Garrison 18726 | -7/Factory | Entered Garrison 18726 | -7/Garrison | Accompanied by 8 allies 18750 | -7/Garrison | Expanded RIF knowledge: Autooverride 18761 | -7/Garrison | P-60 Hacker assimilated allied Guardian 4j 18806 | -7/Garrison | Learned Factory security intel 18902 | -7/Garrison | Triggered checkpoint 18920 | -7/Garrison | Garrison Relay disabled 18977 | -7/Garrison | Triggered checkpoint 18977 | -7/Garrison | Triggered checkpoint 18983 | -7/Garrison | Core integrity fell below 50% 19053 | -7/Garrison | Lost 7 allies 19161 | -7/Garrison | Discovered new exit (range 8) 19204 | -7/Garrison | Triggered checkpoint 19217 | -7/Garrison | Garrison Relay disabled 19373 | -7/Garrison | Triggered checkpoint 19374 | -7/Garrison | Triggered checkpoint 19439 | -7/Garrison | Lost 6 allies 19466 | -7/Garrison | Discovered new exit (range 14) 19501 | -7/Garrison | Build established: Botlord-Tank 19503 | -7/Garrison | Garrison Relay disabled 19777 | -7/Garrison | Found embedded Infiltrators 19832 | -7/Garrison | Triggered checkpoint 19863 | -7/Garrison | Garrison Relay disabled 19896 | -7/Garrison | Discovered new exit (range 12) 20014 | -7/Garrison | Entered Factory 20014 | -6/Factory | Accompanied by 4 allies 20014 | -6/Factory | Evolved 2 slots: Utility x2 20959 | -6/Factory | Lost 3 allies 21037 | -6/Factory | Discovered new exit (range 18) 21040 | -6/Factory | Discovered new exit (range 71) 21047 | -6/Factory | Lost 4 allies 21097 | -6/Factory | Identified exit to Factory 21374 | -6/Factory | Identified exit to Garrison 21374 | -6/Factory | Entered Garrison 21374 | -6/Garrison | Accompanied by 5 allies 21404 | -6/Garrison | Triggered checkpoint 21434 | -6/Garrison | Triggered checkpoint 21468 | -6/Garrison | Garrison Relay disabled 21472 | -6/Garrison | Found embedded Infiltrators 21546 | -6/Garrison | Garrison Relay disabled 21695 | -6/Garrison | Triggered checkpoint 21702 | -6/Garrison | Triggered checkpoint 21744 | -6/Garrison | Lost 4 allies 21819 | -6/Garrison | Spotted B-75 Beast 21823 | -6/Garrison | Assimilated Beast 5a with formatsys_high 21885 | -6/Garrison | Expanded RIF knowledge: Zone Cloak 21894 | -6/Garrison | Garrison Relay disabled 21948 | -6/Garrison | Discovered exit to Factory (range 14) 22007 | -6/Garrison | Garrison Relay disabled 22124 | -6/Garrison | Heavy support dispatched to Factory 22401 | -6/Garrison | Lost 4 allies 22613 | -6/Garrison | Discovered exit to Factory (range 12) 22618 | -6/Garrison | Triggered checkpoint 22635 | -6/Garrison | Discovered exit to Factory (range 16) 22635 | -6/Garrison | Discovered exit to Factory (range 60) 22635 | -6/Garrison | Discovered exit to Factory (range 95) 22658 | -6/Garrison | Triggered checkpoint 22729 | -6/Garrison | Expanded RIF knowledge: Alert ID Control 22742 | -6/Garrison | Garrison Relay disabled 22789 | -6/Garrison | Entered Factory 22789 | -5/Factory | Accompanied by 3 allies 22789 | -5/Factory | Evolved 2 slots: Utility x2 22919 | -5/Factory | Watched by a mysterious "MATRIX" hacker. 23107 | -5/Factory | Found Mni. Smartbomb Launcher 23630 | -5/Factory | P-80 Master assimilated allied Soldier 6b 23631 | -5/Factory | Identified exit to Garrison 23631 | -5/Factory | Entered Garrison 23631 | -5/Garrison | Accompanied by 1 ally 23723 | -5/Garrison | Triggered checkpoint 23770 | -5/Garrison | Garrison Relay disabled 24103 | -5/Garrison | Triggered checkpoint 24139 | -5/Garrison | Triggered checkpoint 24179 | -5/Garrison | Garrison Relay disabled 24191 | -5/Garrison | Garrison Relay disabled 24244 | -5/Garrison | Garrison Relay disabled 24311 | -5/Garrison | Discovered new exit (range 9) 24334 | -5/Garrison | Spotted B-86 Titan 24349 | -5/Garrison | Destroyed B-86 Titan 24486 | -5/Garrison | Triggered checkpoint 24602 | -5/Garrison | Discovered new exit (range 13) 24718 | -5/Garrison | Triggered checkpoint 24807 | -5/Garrison | Garrison Relay disabled 24854 | -5/Garrison | Expanded RIF knowledge: Autoassimilate 25204 | -5/Garrison | Discovered new exit (range 24) 25204 | -5/Garrison | Discovered new exit (range 48) 25204 | -5/Garrison | Discovered new exit (range 73) 25260 | -5/Garrison | Spotted B-75 Beast 25287 | -5/Garrison | Destroyed B-75 Beast 25323 | -5/Garrison | Found Relay Coupler [Proto] 25326 | -5/Garrison | Found Relay Coupler [Proto] 25330 | -5/Garrison | Found Relay Coupler [Proto] 25334 | -5/Garrison | Found Relay Coupler [Proto] 25381 | -5/Garrison | Entered Factory 25381 | -4/Factory | Accompanied by 4 allies 25381 | -4/Factory | Evolved 2 slots: Power x1, Utility x1 25598 | -4/Factory | Spotted B-86 Titan 25621 | -4/Factory | Destroyed B-86 Titan 25648 | -4/Factory | Lost 3 allies 25697 | -4/Factory | P-70 Sage assimilated allied Soldier 6i 26073 | -4/Factory | Discovered new exit (range 24) 26256 | -4/Factory | Discovered new exit (range 16) 26465 | -4/Factory | Discovered new exit (range 5) 26574 | -4/Factory | Found Powered Armor 26651 | -4/Factory | Identified exit to Garrison 26663 | -4/Factory | Entered Garrison 26663 | -4/Garrison | Accompanied by 7 allies 26723 | -4/Garrison | Triggered checkpoint 26752 | -4/Garrison | Garrison Relay disabled 26933 | -4/Garrison | Triggered checkpoint 26943 | -4/Garrison | Triggered checkpoint 27059 | -4/Garrison | Triggered checkpoint 27128 | -4/Garrison | Garrison Relay disabled 27213 | -4/Garrison | Discovered new exit (range 8) 27225 | -4/Garrison | Triggered checkpoint 27361 | -4/Garrison | Triggered checkpoint 27458 | -4/Garrison | Garrison Relay disabled 27589 | -4/Garrison | Discovered new exit (range 11) 27683 | -4/Garrison | Rescued a captive Derelict 27752 | -4/Garrison | Phase Generator disabled 27762 | -4/Garrison | Discovered new exit (range 10) 27766 | -4/Garrison | Met a derelict Sapper fleeing the area 27797 | -4/Garrison | Expanded RIF knowledge: Crosswire 27845 | -4/Garrison | Spotted Executioner 27847 | -4/Garrison | Spotted Executioner 27877 | -4/Garrison | Triggered checkpoint 27891 | -4/Garrison | Destroyed Executioner 27904 | -4/Garrison | Destroyed Executioner 27929 | -4/Garrison | Lost 8 allies 27929 | -4/Garrison | Found Prototype Processor 27929 | -4/Garrison | Identified Exp. Core Analyzer 27988 | -4/Garrison | Garrison Relay disabled 28043 | -4/Garrison | Entered Factory 28043 | -4/Factory | Accompanied by 2 allies 28111 | -4/Factory | Discovered new exit (range 5) 28231 | -4/Factory | Unchained authorized (6S-H0T) 28483 | -4/Factory | Identified exit to Garrison 28489 | -4/Factory | Entered Garrison 28489 | -4/Garrison | Accompanied by 3 allies 28517 | -4/Garrison | Triggered checkpoint 28531 | -4/Garrison | Found embedded Infiltrators 28583 | -4/Garrison | Garrison Relay disabled 28684 | -4/Garrison | Spotted B-86 Titan 28687 | -4/Garrison | Triggered checkpoint 28691 | -4/Garrison | Triggered checkpoint 28702 | -4/Garrison | Triggered checkpoint 28714 | -4/Garrison | Allies destroyed B-86 Titan 28779 | -4/Garrison | Lost 15 allies 28874 | -4/Garrison | Garrison Relay disabled 28919 | -4/Garrison | Discovered new exit (range 12) 29033 | -4/Garrison | Expanded RIF knowledge: Robot Detection 29123 | -4/Garrison | Discovered new exit (range 12) 29180 | -4/Garrison | Garrison Relay disabled 29292 | -4/Garrison | Discovered new exit (range 11) 29337 | -4/Garrison | Garrison Relay disabled 29544 | -4/Garrison | Spotted B-86 Titan 29552 | -4/Garrison | Allies destroyed B-86 Titan 29886 | -4/Garrison | Discovered new exit (range 78) 29886 | -4/Garrison | Discovered new exit (range 50) 29886 | -4/Garrison | Discovered new exit (range 8) 29985 | -4/Garrison | Entered Research 29985 | -3/Research | Accompanied by 6 allies 29985 | -3/Research | Evolved 2 slots: Propulsion x2 30058 | -3/Research | Discovered new exit (range 15) 30063 | -3/Research | Spotted B-86 Titan 30130 | -3/Research | Lost 5 allies 30194 | -3/Research | Unchained authorized (6S-H0T) 30426 | -3/Research | Lost 4 allies 30962 | -3/Research | Found Prototype Processor 30969 | -3/Research | Identified Exp. Terrain Scan Processor 30977 | -3/Research | Spotted B-86 Titan 31023 | -3/Research | Destroyed B-86 Titan 31031 | -3/Research | Lost 3 allies 31143 | -3/Research | Identified exit to Armory 31143 | -3/Research | Identified exit to Testing 31196 | -3/Research | Lost 3 allies 31600 | -3/Research | Garrison activated, responded to threat 31725 | -3/Research | Identified exit to Garrison 31725 | -3/Research | Entered Garrison 31789 | -3/Garrison | Triggered checkpoint 31823 | -3/Garrison | Lost 3 allies 31853 | -3/Garrison | Garrison Relay disabled 32129 | -3/Garrison | Lost 3 allies 32159 | -3/Garrison | Discovered new exit (range 61) 32159 | -3/Garrison | Discovered new exit (range 34) 32159 | -3/Garrison | Discovered new exit (range 71) 32159 | -3/Garrison | Discovered new exit (range 66) 32259 | -3/Garrison | Expanded RIF knowledge: Program Shield 32421 | -3/Garrison | Triggered checkpoint 32465 | -3/Garrison | Garrison Relay disabled 32541 | -3/Garrison | Triggered checkpoint 32617 | -3/Garrison | Garrison Relay disabled 32633 | -3/Garrison | Triggered checkpoint 32799 | -3/Garrison | Rescued a captive Derelict 32804 | -3/Garrison | Rescued a captive Derelict 32988 | -3/Garrison | Build established: Botlord-Gunner 33031 | -3/Garrison | Triggered checkpoint 33051 | -3/Garrison | Garrison Relay disabled 33148 | -3/Garrison | Garrison Relay disabled 33309 | -3/Garrison | Triggered checkpoint 33524 | -3/Garrison | Entered Research 33524 | -3/Research | Accompanied by 14 allies 33689 | -3/Research | Lost 3 allies 33734 | -3/Research | Discovered new exit (range 11) 33989 | -3/Research | Build established: Botlord-Tank 34445 | -3/Research | Central database locked down 34460 | -3/Research | Spotted B-86 Titan 34513 | -3/Research | Destroyed B-86 Titan 34566 | -3/Research | Lost 11 allies 35251 | -3/Research | Cargo convoy interrupted 35271 | -3/Research | Lost 5 allies 35320 | -3/Research | Lost 5 allies 35363 | -3/Research | Build established: Botlord-Gunner 35473 | -3/Research | Spotted B-86 Titan 35479 | -3/Research | Destroyed B-86 Titan 35559 | -3/Research | System corruption reached 10% 35615 | -3/Research | Spotted B-86 Titan 35616 | -3/Research | Assimilated Titan 8a with formatsys_high 35618 | -3/Research | Lost 3 parts (1n2u) 35777 | -3/Research | Allies destroyed Titan 8a 35824 | -3/Research | Lost 3 parts (2u1w) 35854 | -3/Research | Entered Testing 35871 | -3/Testing | Found Prototype Energy Gun 35872 | -3/Testing | Identified Warp Gun 35914 | -3/Testing | Found Cld. Nova Cannon 36112 | -3/Testing | Found Ghost Barrier 36285 | -3/Testing | Found Prototype Device 36300 | -3/Testing | Identified Exp. Thermal Shield 36430 | -3/Testing | Discovered new exit (range 8) 36502 | -3/Testing | Core integrity fell below 50% 36715 | -3/Testing | Superbehemoth self-activated to run performance analysis 36778 | -3/Testing | Spotted Superbehemoth 36782 | -3/Testing | Assimilated Superbehemoth with formatsys_high 36868 | -3/Testing | Found Med. Regenerative Plating 36873 | -3/Testing | Found Hvy. Regenerative Plating 37318 | -3/Testing | Build established: Botlord-Tank 37610 | -3/Testing | Garrison activated, responded to threat 37676 | -3/Testing | Lost 4 allies 37801 | -3/Testing | Rewired PL-PJCJCRSIKT 37895 | -3/Testing | Identified exit to Garrison 37899 | -3/Testing | Entered Garrison 37899 | -3/Garrison | Accompanied by 5 allies 37917 | -3/Garrison | Build established: Botlord-Gunner 37929 | -3/Garrison | Triggered checkpoint 38014 | -3/Garrison | Garrison Relay disabled 38059 | -3/Garrison | Found embedded Infiltrators 38106 | -3/Garrison | P-80 Master assimilated allied R7-O48(x) 38115 | -3/Garrison | Spotted B-86 Titan 38117 | -3/Garrison | Triggered checkpoint 38127 | -3/Garrison | Triggered checkpoint 38139 | -3/Garrison | Allies destroyed B-86 Titan 38192 | -3/Garrison | Lost 7 allies 38248 | -3/Garrison | Build established: Botlord-Tank 38280 | -3/Garrison | Discovered new exit (range 12) 38343 | -3/Garrison | Garrison Relay disabled 38355 | -3/Garrison | Triggered checkpoint 38570 | -3/Garrison | Discovered new exit (range 12) 38627 | -3/Garrison | Rescued a captive Derelict 38628 | -3/Garrison | Rescued a captive Derelict 38633 | -3/Garrison | Triggered checkpoint 38684 | -3/Garrison | Expanded RIF knowledge: Command Fork 38696 | -3/Garrison | Garrison Relay disabled 39009 | -3/Garrison | Garrison Relay disabled 39035 | -3/Garrison | Triggered checkpoint 39231 | -3/Garrison | Entered Research 39231 | -2/Research | Accompanied by 6 allies 39231 | -2/Research | Evolved 2 slots: Utility x1, Weapon x1 39414 | -2/Research | Found Adv. Kinecellerator 39447 | -2/Research | Unchained authorized (6S-H0T) 40034 | -2/Research | Lost 3 allies 40083 | -2/Research | Identified exit to Quarantine 40199 | -2/Research | Garrison activated, responded to threat 40320 | -2/Research | Lost 4 allies 40626 | -2/Research | Destroyed 9 combat bots 40631 | -2/Research | Build established: Botlord-Gunner 40745 | -2/Research | Discovered new exit (range 21) 40763 | -2/Research | Entered Quarantine 40995 | -2/Quarantine | Cryocooling Duct disabled 41010 | -2/Quarantine | Ambient heat levels rising (+20) 41010 | -2/Quarantine | Non-combat units ordered to evacuate 41322 | -2/Quarantine | Discovered new exit (range 26) 41803 | -2/Quarantine | Local machine network offline 41822 | -2/Quarantine | Found Alien Slashing Weapon 41824 | -2/Quarantine | Identified Sigix Broadsword 41999 | -2/Quarantine | Declared boring by mysterious "MATRIX" hacker. 42096 | -2/Quarantine | Build established: Botlord-Mutant 42135 | -2/Quarantine | Unchained authorized (DW-4LL) 42380 | -2/Quarantine | Found Alien Artifact 42446 | -2/Quarantine | Spotted Fortress 42450 | -2/Quarantine | Assimilated Fortress with formatsys_high 42458 | -2/Quarantine | DW-4LL burst out of a wall 42464 | -2/Quarantine | Allies destroyed DW-4LL 42473 | -2/Quarantine | Found Prototype Treads 42473 | -2/Quarantine | Identified DW-4LL's Griptreads 42477 | -2/Quarantine | Found Prototype Ballistic Gun 42478 | -2/Quarantine | Identified DW-4LL's Megashotty 42508 | -2/Quarantine | Found DW-4LL's Griptreads 42603 | -2/Quarantine | Discovered new exit (range 6) 42603 | -2/Quarantine | Discovered new exit (range 6) 43149 | -2/Quarantine | Found Alien Energy Cannon 43418 | -2/Quarantine | Entered Protoforge 43418 | -2/Protoforge | Accompanied by 5 allies 43439 | -2/Protoforge | Superfortress began startup sequence 43655 | -2/Protoforge | Spotted Hotshot 43655 | -2/Protoforge | Spotted Hotshot 43656 | -2/Protoforge | Autoassimilated Hotshot with RIF 43659 | -2/Protoforge | Spotted Hotshot 43659 | -2/Protoforge | Spotted Hotshot 43677 | -2/Protoforge | Destroyed Hotshot 43682 | -2/Protoforge | Destroyed Hotshot 43684 | -2/Protoforge | Allies destroyed Hotshot 43701 | -2/Protoforge | Lost 3 allies 43741 | -2/Protoforge | Spotted Hotshot 43743 | -2/Protoforge | Spotted Hotshot 43818 | -2/Protoforge | Discovered new exit (range 12) 43991 | -2/Protoforge | Spotted Hotshot 43992 | -2/Protoforge | Spotted Hotshot 43994 | -2/Protoforge | Spotted Hotshot 43997 | -2/Protoforge | Spotted Hotshot 44007 | -2/Protoforge | Spotted Hotshot 44012 | -2/Protoforge | Allies destroyed Hotshot 44016 | -2/Protoforge | Destroyed Hotshot 44017 | -2/Protoforge | Allies destroyed Hotshot 44049 | -2/Protoforge | Lost 3 allies 44085 | -2/Protoforge | Spotted Hotshot 44223 | -2/Protoforge | Autoassimilated Hotshot with RIF 44223 | -2/Protoforge | Autoassimilated Hotshot with RIF 44223 | -2/Protoforge | Spotted Hotshot 44239 | -2/Protoforge | Allies destroyed Hotshot 44428 | -2/Protoforge | Spotted Overlord 44432 | -2/Protoforge | Assimilated Overlord with formatsys_high 44536 | -2/Protoforge | Found Prototype Storage 44536 | -2/Protoforge | Identified Cep. Chromion Battery 44541 | -2/Protoforge | Found Cep. Chromion Battery 44568 | -2/Protoforge | Found Prototype Slashing Weapon 44584 | -2/Protoforge | Identified Exp. Terror Saw 44749 | -2/Protoforge | Identified Core Cannon 44750 | -2/Protoforge | Additional patrols dispatched to research labs 44933 | -2/Protoforge | Crushed by falling debris 45042 | -2/Protoforge | Found Prototype Device 45051 | -2/Protoforge | Spotted V894-q 45068 | -2/Protoforge | Allies destroyed V894-q 45373 | -2/Protoforge | Found Cep. Variable Chargecaster 45377 | -2/Protoforge | Found Faulty Cep. Variable Chargecaster 45401 | -2/Protoforge | Identified Crosscalibrator 45527 | -2/Protoforge | Forge Plexus network access discovered 45588 | -2/Protoforge | Identified Subatomic Replicator 45596 | -2/Protoforge | Spotted V874-v 45596 | -2/Protoforge | Spotted V014-n 45596 | -2/Protoforge | Spotted V869-s 45643 | -2/Protoforge | Destroyed V869-s 45664 | -2/Protoforge | Destroyed V014-n 45675 | -2/Protoforge | Lost 4 allies 45714 | -2/Protoforge | Found Cep. Plasma Driver 45721 | -2/Protoforge | Found Cep. Plasma Driver 45723 | -2/Protoforge | Found Cep. XC Strikerail 45734 | -2/Protoforge | Found Cep. XC Strikerail 45738 | -2/Protoforge | Found Faulty Cep. XC Strikerail 45741 | -2/Protoforge | Found Faulty Cep. Miniperforator 45747 | -2/Protoforge | Found Cep. Miniperforator 45782 | -2/Protoforge | Found Faulty Cep. Plasma Driver 45814 | -2/Protoforge | Found Cep. Disintegration Ray 45932 | -2/Protoforge | Build established: Botlord-Tank 45962 | -2/Protoforge | Spotted V625-v 45981 | -2/Protoforge | Spotted V947-x 46013 | -2/Protoforge | Destroyed V625-v 46030 | -2/Protoforge | Found Unknown Protection 46156 | -2/Protoforge | Identified Imp. Powered Armor 46214 | -2/Protoforge | System corruption reached 10% 46233 | -2/Protoforge | Spotted Decapitator 46233 | -2/Protoforge | Spotted Decapitator 46305 | -2/Protoforge | Spotted Immortal 46313 | -2/Protoforge | Spotted Immortal 46329 | -2/Protoforge | Destroyed Immortal 46332 | -2/Protoforge | Destroyed Immortal 46339 | -2/Protoforge | Spotted V216-f 46345 | -2/Protoforge | Spotted V450-x 46354 | -2/Protoforge | Spotted V718-x 46365 | -2/Protoforge | Destroyed V216-f 46368 | -2/Protoforge | Destroyed V450-x 46404 | -2/Protoforge | Found Cep. NT7 Matterbank 46411 | -2/Protoforge | Found Cep. Matter Streamer 46597 | -2/Protoforge | Found Cep. Hardlight Director 46614 | -2/Protoforge | Found Exp. EM Disruption Field 46648 | -2/Protoforge | Spotted AP7-3 46678 | -2/Protoforge | Spotted AP7-3 46757 | -2/Protoforge | Destroyed AP7-3 46759 | -2/Protoforge | Destroyed AP7-3 46806 | -2/Protoforge | Found Prototype Device 46806 | -2/Protoforge | Identified Exp. ECM Suite 46810 | -2/Protoforge | Found Cep. XC Strikerail 46826 | -2/Protoforge | Found Cep. Impact Drone Bay 46834 | -2/Protoforge | Found Faulty Cep. Impact Drone Bay 46838 | -2/Protoforge | Found Cld. Directed Potential Cannon 46844 | -2/Protoforge | Found Cep. Thermoelectric Network 46851 | -2/Protoforge | Found Cep. Cloak Mesh 46853 | -2/Protoforge | Found Cep. Cloak Mesh 46988 | -2/Protoforge | Found Transdimensional Reconstructor 47165 | -2/Protoforge | Found Cep. Antigrav Storage Unit 47168 | -2/Protoforge | First assault squad dispatched 47284 | -2/Protoforge | Build established: Scavenger-Tank 47449 | -2/Protoforge | Destroyed 10 combat bots 47461 | -2/Protoforge | Spotted Decapitator 47461 | -2/Protoforge | Spotted Decapitator 47462 | -2/Protoforge | Spotted V878-r 47485 | -2/Protoforge | Found Cep. Recoil Nullifier 47489 | -2/Protoforge | Found Exp. Kinecellerator 47512 | -2/Protoforge | Found Faulty Mni. Quantum Capacitor 47516 | -2/Protoforge | Found Faulty Mni. Quantum Capacitor 47564 | -2/Protoforge | Found Cep. Countertargeting System 47626 | -2/Protoforge | Core integrity fell below 50% 47629 | -2/Protoforge | Destroyed V878-r 47839 | -2/Protoforge | Build established: Botlord-Tank 47884 | -2/Protoforge | Found Prototype Ballistic Cannon 47884 | -2/Protoforge | Identified Cep. Heavy Railcannon 47897 | -2/Protoforge | Found Cep. Heavy Railcannon 48170 | -2/Protoforge | Lost 5 allies 48188 | -2/Protoforge | Build established: Scavenger-Tank 48489 | -2/Protoforge | Found Cep. Navigation Harness 48555 | -2/Protoforge | Build established: Scavenger-Gunner 48671 | -2/Protoforge | Spotted Decapitator 48671 | -2/Protoforge | Spotted Decapitator 48671 | -2/Protoforge | Spotted Decapitator 48671 | -2/Protoforge | Spotted Decapitator 48672 | -2/Protoforge | Spotted Decapitator 48672 | -2/Protoforge | Spotted Decapitator 48673 | -2/Protoforge | Spotted Decapitator 48674 | -2/Protoforge | Spotted Decapitator 48676 | -2/Protoforge | Destroyed Decapitator 48690 | -2/Protoforge | Entered Access 48690 | -1/Access | Evolved 2 slots: Power x1, Utility x1 48712 | -1/Access | Lost 3 allies 48887 | -1/Access | Unchained authorized (V4-D3R) 48944 | -1/Access | Discovered new exit (range 19) 49023 | -1/Access | Build established: Skirmisher 49252 | -1/Access | Local machine network offline 49293 | -1/Access | Destroyed 8 combat bots 49338 | -1/Access | Build established: Gunner 49412 | -1/Access | System corruption reached 10% 49463 | -1/Access | Destroyed 11 combat bots 49534 | -1/Access | Entered Command 49772 | -1/Command | Spotted M Guard 49772 | -1/Command | Spotted Combat Programmer 49773 | -1/Command | Spotted M Guard 49773 | -1/Command | Spotted Combat Programmer 49781 | -1/Command | Destroyed Combat Programmer 49791 | -1/Command | Destroyed Combat Programmer 49807 | -1/Command | Assimilated M Guard with formatsys_high 49807 | -1/Command | Assimilated M Guard with formatsys_high 49984 | -1/Command | Used Subatomic Replicator to replicate Cld. Directed Potential Cannon 50011 | -1/Command | 0b10 Conduit disabled 50011 | -1/Command | Met MAIN.C 50023 | -1/Command | Allies destroyed MAIN.C Shell 50024 | -1/Command | MAIN.C activated Command garrisons 50057 | -1/Command | Allies destroyed MAIN.C 50191 | -1/Command | Spotted B-99 Colossus 50272 | -1/Command | Discovered new exit (range 13) 50367 | -1/Command | Found Prototype Device 50367 | -1/Command | Identified Exp. Cloaking Device 50370 | -1/Command | Found Prototype Device 50370 | -1/Command | Identified Exp. Hardlight Generator 50374 | -1/Command | Found Prototype Device 50374 | -1/Command | Identified Exp. System Purifier 50387 | -1/Command | Found Vortex Chain Reactor 50597 | -1/Command | All MAIN.C guards destroyed 51114 | -1/Command | Found Unknown Device 51114 | -1/Command | Identified Quantum Capacitor 51925 | -1/Command | Build established: Tank 52222 | -1/Command | Found Exp. Core Analyzer 52226 | -1/Command | Discovered new exit (range 8) 52242 | -1/Command | Found Exp. Targeting Computer 52491 | -1/Command | Build established: Gunner 53282 | -1/Command | Found Exp. Targeting Computer 53645 | -1/Command | Found Prototype Launcher 53645 | -1/Command | Identified Z-bomb Delivery System 53653 | -1/Command | Found Hvy. Regenerative Plating 53805 | -1/Command | Warped through subspace to slip node 53805 | -1/Command | Discovered new exit (range 5) 53807 | -1/Command | Found Vortex Chain Reactor 53812 | -1/Command | Entered Access_0 53813 | -1/Access_0 | Met Architect 53815 | -1/Access_0 | Destroyed A8 53852 | -1/Access_0 | Architect warped through subspace 53900 | -1/Access_0 | Architect warped through subspace 53928 | -1/Access_0 | Architect warped through subspace 53953 | -1/Access_0 | Architect warped through subspace 53971 | -1/Access_0 | Architect warped through subspace 54023 | -1/Access_0 | Architect warped through subspace 54025 | -1/Access_0 | Subspace Access Node disabled 54045 | -1/Access_0 | Found Prototype Device 54046 | -1/Access_0 | Identified Exp. Phase Shifter 54081 | -1/Access_0 | Architect warped through subspace 54102 | -1/Access_0 | A6 warped into view 54115 | -1/Access_0 | Destroyed A6 54119 | -1/Access_0 | Architect warped through subspace 54143 | -1/Access_0 | Subspace Access Node disabled 54160 | -1/Access_0 | Architect warped through subspace 54186 | -1/Access_0 | Architect warped through subspace 54193 | -1/Access_0 | Architect warped through subspace 54206 | -1/Access_0 | Subspace Access Node disabled 54232 | -1/Access_0 | Architect warped through subspace 54320 | -1/Access_0 | Allies destroyed A2 54337 | -1/Access_0 | Architect warped through subspace 54371 | -1/Access_0 | Singularity Gate disabled 54381 | -1/Access_0 | A5 warped into view 54390 | -1/Access_0 | Destroyed A5 54394 | -1/Access_0 | Architect warped through subspace 54443 | -1/Access_0 | Architect warped through subspace 54469 | -1/Access_0 | Architect warped through subspace 54508 | -1/Access_0 | Architect warped through subspace 54547 | -1/Access_0 | Subspace Access Node disabled 54555 | -1/Access_0 | Destroyed Architect 54722 | -1/Access_0 | Extracted Singularity Gate Test 138-C access codes from A2's data core 54820 | -1/Access_0 | Singularity Gate disabled 54831 | -1/Access_0 | A4 warped into view 54833 | -1/Access_0 | Destroyed A4 54862 | -1/Access_0 | Build established: Scavenger-Gunner 55899 | -1/Access_0 | Found Prototype Protection 55899 | -1/Access_0 | Identified Exp. Powered Armor 56027 | -1/Access_0 | A3 warped into view 56028 | -1/Access_0 | Destroyed A3 56048 | -1/Access_0 | Found Prototype Protection 56048 | -1/Access_0 | Identified Lgt. Regenerative Plating 56183 | -1/Access_0 | Found Prototype Device 56183 | -1/Access_0 | Identified Exp. Thermal Defense Suite 56783 | -1/Access_0 | Found Prototype Device 56783 | -1/Access_0 | Identified Desublimator 56918 | -1/Access_0 | Found Sigix Corpse 56944 | -1/Access_0 | Found Prototype Device 56944 | -1/Access_0 | Identified Exp. Thermal Shield 57127 | -1/Access_0 | Found Alien Artifact 57127 | -1/Access_0 | Identified Hpw. Transdimensional Reconstructor 57127 | -1/Access_0 | Warped through subspace to slip node 57127 | -1/Access_0 | Discovered new exit (range 8) 57138 | *** | Establishing 0b11! Last Messages --------------- 56793_ Identified Coolant Network. 56795_ Dropped Coolant Network. 56797_ Acquired Quantum Capacitor. 56913_ Plasma Slug penetrates Analysis Chamber. 56913_ Analysis Chamber breached. 56914_ Dropped Proton Burst Cannon. 56918_ Acquired Sigix Corpse. 56940_ Acquired 40 matter. 56942_ Dropped Exp. Reaction Control System. 56944_ Acquired Prototype Device. 56944_ Identified Exp. Thermal Shield. 56946_ Acquired 10 matter. 56947_ Dropped Exp. Thermal Shield. 56949_ Acquired Exp. Reaction Control System. 56951_ Acquired 10 matter. 57127_ Acquired Alien Artifact. 57127_ Identified Hpw. Transdimensional Reconstructor. 57127_ Warped through subspace, drawn to slip node. 57127_ EXIT=FOUND 57128_ Acquired Graphene Brace. Map ----- +----------------------------------------------------+ | | | | | | | | | | | | | | | | | | | | | | | | | | | | | | | | | ?????????????????????????????????????????????????? | | ?????????????????????????????????????????????????? | | ?????????????????????????????????????????????????? | | ?????????????????????????????????????????????????? | | ?????????????????????????????????????????????????? | | ?????????????????????????????????????????????????? | | ????????????????????????###??????????????????????? | | ???????????????????????## ##?????????????????????? | | ???????????????????????# #?????????????????????? | | ???????????????????????# @ #?????????????????????? | | ??????????????????????## #?????????????????????? | | ??????????????????????# #?????????????????????? | | ??????????????????????# ##?????????????????????? | | ??????????????????????## #?????????????????????? | | ??????????????????????# #?????????????????????? | | ??????????????????????# ##?????????????????????? | | ??????????????????????# < #?????????????????????? | | ??????????????????????# ##?????????????????????? | | ??????????????????????## #??????????????????????? | | ???????????????????????####??????????????????????? | | ?????????????????????????????????????????????????? | | ?????????????????????????????????????????????????? | | ?????????????????????????????????????????????????? | | ?????????????????????????????????????????????????? | | ?????????????????????????????????????????????????? | | ?????????????????????????????????????????????????? | | ?????????????????????????????????????????????????? | | ?????????????????????????????????????????????????? | | ?????????????????????????????????????????????????? | | ?????????????????????????????????????????????????? | | ?????????????????????????????????????????????????? | | ?????????????????????????????????????????????????? | | ?????????????????????????????????????????????????? | | ?????????????????????????????????????????????????? | +----------------------------------------------------+ Best States ------------- Heat Dissipation 108 Energy Generation 73 Energy Capacity 1290 Matter Stores 300 Matter Capacity 300 Sight Range 23 Robot Scan Range 20 Terrain Scan Range 24 Terrain Scan Density 1010 ECM Strength 3 Jamming Range 12 Cloak Strength 9 Armor Coverage 2000 Resistance: KI 25 Utility Shielding 66 Point Defense Rating 240 Weapon Cycling 25 Phase Shifting 20 Evasion (%) 89 Targeting Accuracy 24 Core Analysis 8 Recoil Reduction 99 Kinecelleration 66 Offensive Hacking 26 Defensive Hacking 26 Relay Coupler Types 8 Relay Coupler Value 171 Authchip Count 1 Item Schematics ----------------- Huge Storage Unit | -10/Materials | Hacked Exp. Sensor Array | -8/Materials | Scanalyzed Core Analyzer | -8/Materials | Scanalyzed Arm. Huge Wheel | -8/Materials | Scanalyzed Hacking Suite | -8/Materials | Scanalyzed Imp. Utility Shielding | -7/Factory | Scanalyzed Antimatter Cannon | -5/Factory | Scanalyzed Imp. Diametric Drive | -3/Testing | Reported Exp. Power Amplifier | -3/Testing | Reported Hvy. Disruptor Cannon | -3/Testing | Reported Ionic Axe | -3/Testing | Reported Prc. Energy Filter | -3/Testing | Reported Graphene Brace | -3/Testing | Reported Com. Particle Reactor | -3/Testing | Reported Cld. Antigrav System | -3/Testing | Reported Centrium Greatsword | -3/Testing | Reported Gravity Neutralizer | -3/Testing | Reported Lrn. Phase Cannon | -3/Testing | Reported Target Analyzer | -3/Testing | Reported Hvy. Gatling Laser | -3/Testing | Reported Cld. Gravmag System | -3/Testing | Reported Helical Railgun | -3/Testing | Reported Med. Storage Unit | -3/Testing | Reported Adv. EM Disruption Field | -3/Testing | Reported Imp. KE Penetrator | -3/Testing | Reported Cld. Antimatter Reactor | -3/Testing | Reported Tactical Quantum Warhead | -3/Testing | Reported Adv. KE Penetrator | -3/Testing | Reported Exp. Target Analyzer | -3/Testing | Reported Vibroblade | -3/Testing | Reported Cld. Phase Cannon | -3/Testing | Reported Cld. Plasma Rifle | -3/Testing | Reported Exp. Focal Shield | -3/Testing | Reported Hvy. Proton Missile Launcher | -3/Testing | Reported Graviton Reactor | -3/Testing | Reported Adv. Energy Well | -3/Testing | Reported Enh. Armored Leg | -3/Testing | Reported Hvy. Proton Cannon | -3/Testing | Archive Exp. Thermal Generator | -3/Testing | Archive Adv. Plasma Rifle | -3/Testing | Archive Exp. Weapon Shielding | -3/Testing | Archive Electron Diverter | -3/Testing | Archive Adv. Kinecellerator | -3/Testing | Archive Prc. Matter Filter | -2/Protoforge | Archive Imp. Quantum Reactor | -2/Protoforge | Archive Imp. Q-thruster | -2/Protoforge | Archive Adv. Micro-nuke Launcher | -2/Protoforge | Archive Imp. Matter Neutralizer | -2/Protoforge | Archive Robot Schematics ------------------ M-28 Smith | -8/Materials | Hacked T-07 Excavator | -3/Testing | Archive S-43 Plague | -3/Testing | Archive R-06 Scavenger | -2/Protoforge | Archive R-10 Processor | -2/Protoforge | Archive A-15 Conveyor | -2/Protoforge | Archive G-67 Veteran | -2/Protoforge | Archive E-15 Imp | -2/Protoforge | Archive K-01 Serf | -2/Protoforge | Archive A-02 Transporter | -2/Protoforge | Archive Fabricated ------------ Arm. Huge Wheel | x2 | -7/Factory | Preloaded M-28 Smith | x1 | -7/Factory | Authchip Repaired ---------- Exp. Sensor Array | 62% | -8/Materials | Broken Hvy. Particle Cannon | 18% | -8/Materials Studied --------- Imp. Datajack | -8/Materials | Hacked Arm. Huge Wheel | -7/Factory | Hacked Imp. Remote Datajack | -5/Factory | Hacked Enh. Nova Cannon | -3/Research | Hacked Enh. Hardcell Cannon | -3/Research | Hacked Adv. Remote Datajack | -3/Testing | Hacked Hvy. Linear Accelerator | -2/Research | Hacked Com. HERF Cannon | -2/Research | Hacked Quantum Reactor | -1/Access | Hacked Alien Tech Used ----------------- Sigix Broadsword Core Cannon Subatomic Replicator Transdimensional Reconstructor High-powered Transdimensional Reconstructor Achievements -------------- You Again Challenges ------------ None Game ------ Seed CryofiberIonicReplica Manual? 0 Play Time 12:13:41 Cumulative 1169.6 hours Start 2026.03.10 @ 17:58:32 End 2026.03.12 @ 00:27:15 Sessions 13 Manual Loads 0 Difficulty Rogue Special Mode None Game No. 209 Rogue 209 Adventurer 0 Explorer 0 Win Type 1 Total 71 Types 27/9/11/1/3/1/10/4/3/2 Lore% 95 Gallery% 92 Achievement% 87 Wizard Run 0 Options --------- Layout 0 ASCII 0 Keyboard 0 Movement Numpad Keybinds 0 Fullscreen 1 Font 18/SmallcapsGlow Map View 76x50 Zoom Use 0% Tactical HUD 1 Map Filters NONE Filters NONE Steam 1 RUN: 3f22cf3b-c15b-4854-a050-627727361b6d